Workbook
Name \0: #REF!
Name \0: #REF!
Name \00: #REF!
Name \00: #REF!
Name \a: #REF!
Name \a: #REF!
Name \AA: [1]LIQUIDACION!#REF!
Name \AA: [1]LIQUIDACION!#REF!
Name \b: [2]STRSUMM0!#REF!
Name \b: [2]STRSUMM0!#REF!
Name \bb: [2]STRSUMM0!#REF!
Name \bb: [2]STRSUMM0!#REF!
Name \E: #REF!
Name \E: #REF!
Name \E: #REF!
Name \EE: #REF!
Name \EE: #REF!
Name \EE: #REF!
Name \G: #REF!
Name \G: #REF!
Name \G: #REF!
Name \k: '[3]7422CW00'!#REF!
Name \k: '[3]7422CW00'!#REF!
Name \k: '[3]7422CW00'!#REF!
Name \l: [4]STRSUMM0!#REF!
Name \l: [4]STRSUMM0!#REF!
Name \l: [4]STRSUMM0!#REF!
Name \M: #REF!
Name \M: #REF!
Name \M: #REF!
Name \ñ: '[5]7422CW00'!#REF!
Name \ñ: '[5]7422CW00'!#REF!
Name \ñ: '[5]7422CW00'!#REF!
Name \P: #REF!
Name \P: #REF!
Name \P: #REF!
Name \R: #REF!
Name \R: #REF!
Name \R: #REF!
Name \s: #REF!
Name \s: #REF!
Name \s: #REF!
Name \V: #REF!
Name \V: #REF!
Name \X: '[6]PROPUESTA AVENIDA 12'!ERR
Name \X: #N/A
Name \X: '[6]PROPUESTA AVENIDA 12'!ERR
Name \Z: '[6]PROPUESTA AVENIDA 12'!ERR
Name \Z: #N/A
Name \Z: '[6]PROPUESTA AVENIDA 12'!ERR
Name _________AFC1: [7]INV!$A$25:$D$28
Name _________AFC3: [7]INV!$F$25:$I$28
Name _________AFC5: [7]INV!$K$25:$N$28
Name _________BGC1: [7]INV!$A$5:$D$8
Name _________BGC3: [7]INV!$F$5:$I$8
Name _________BGC5: [7]INV!$K$5:$N$8
Name _________CAC1: [7]INV!$A$19:$D$22
Name _________CAC3: [7]INV!$F$19:$I$22
Name _________CAC5: [7]INV!$K$19:$N$22
Name _________PJ50: #REF!

Sheet BALANCE GENERAL
C3: Formulario 1 - Propuesta económica - Documento tipo de licitación de obra pública de infraestructura de transporte - versión 3
C4: Código | D4: CCE-EICP-FM-14 | E4: Versión | F4: 3
C5: FORMULARIO 1
C6: PRESUPUESTO OFICIAL
C7: [La entidad puede utilizar este formulario de detalle del presupuesto oficial para determinar las condiciones bajo las cuales los proponentes analizarán y presentarán su propuesta económica de forma detallada, sin perjuicio que la entidad pueda modificarlo o establecer la presentación de la oferta económica con un formulario distinto al indicado.]
C9: Adicionalmente, cuando el proceso de contratación es estructurado por precios unitarios, la Entidad debe aplicar las notas 1, 2 y 3 del presente formulario y las casillas de "Descripción", "Porcentaje" de la Administración, Imprevisto, Utilidad y total A.I.U. resaltadas en color amarillo. Tratándose de otras modalidades de precio, la Entidad puede o no configurar los mismos aspectos.
C10: DIAGNOSTICO, CONSTRUCCION Y/O REHABILITACION Y/O MEJORAMIENTO DE LA MALLA VIAL URBANA DEL MUNICIPIO DE SAN JOSE DE CUCUTA FASE IV.
C11: Nº | D11: ÍTEM DE PAGO | E11: ESPECIFICACIONES | G11: DESCRIPCIÓN | H11: UND. | I11: CANTIDAD | J11: VALOR UNITARIO | K11: VALOR TOTAL
E12: GENERAL | F12: PARTICULAR
D13: 1 | G13: ACTIVIDADES DE CONSTRUCCION Y/O REHABILITACION
D14: 1.01 | E14: INV-210-22 | F14: - | G14: Excavación mecánica | H14: m3 | I14: 1093.4904 | J14: 18460 | K14: =ROUND(I14*J14,0) -> 20185833
D15: 1.02 | E15: - | F15: ESP P1 | G15: Corte de pavimento asfaltico | H15: ml | I15: 66.76 | J15: 5286 | K15: =ROUND(I15*J15,0) -> 352893
D16: 1.03 | E16: - | F16: ESP P2 | G16: Demolición de pavimento asfaltico (incluye compresor con martillo demoledor) | H16: m2 | I16: 1889.07 | J16: 16355 | K16: =ROUND(I16*J16,0) -> 30895740
D17: 1.04 | E17: - | F17: ESP P3 | G17: Conformación de subrasante | H17: m2 | I17: 3275.41 | J17: 8857 | K17: =ROUND(I17*J17,0) -> 29010306
D18: 1.05 | E18: INV-320-22 | F18: - | G18: Subbase granular CONSTRUCCION (incluye Suministro, Extendido, Nivelación y Compactación con Vibrocompactador manual, incluye transporte) | H18: m3 | I18: 0 | J18: 154424 | K18: =ROUND(I18*J18,0) -> 0
D19: 1.06 | E19: INV-330-22 | F19: - | G19: Base granular CONSTRUCCION (incluye Suministro, Extendido, Nivelación y Compactación con Vibrocompactador manual, incluye transporte) | H19: m3 | I19: 150.687 | J19: 162188 | K19: =ROUND(I19*J19,0) -> 24439623
D20: 1.08 | E20: INV-420-22 | F20: - | G20: Riego de imprimación con emulsión asfáltica CRL-1 PARA CONSTRUCCION (Incluye suministro y aplicación) | H20: m2 | I20: 2481.11 | J20: 5101 | K20: =ROUND(I20*J20,0) -> 12656142
D21: 1.09 | E21: INV-450-22 | F21: - | G21: MEZCLA ASFÁLTICA EN CALIENTE TIPO MDC-19 PARA CONSTRUCCION (Incluye Suministro, extendido, nivelación y compactación, incluye transporte del material) | H21: m3 | I21: 227.083 | J21: 1155513 | K21: =ROUND(I21*J21,0) -> 262397359
D22: 1.1 | E22: INV-350-22 | F22: - | G22: Base estabilizada con cemento al 6% (incluye Suministro, Extendido, Nivelación y Compactación con Vibrocompactador 8 ton, incluye transporte) | H22: m3 | I22: 340.6245 | J22: 291945 | K22: =ROUND(I22*J22,0) -> 99443620
D23: 1.11 | E23: INV-460-22 | F23: - | G23: Fresado de pavimento asfaltico hasta 10 cm (Incluye equipos y todas los elementos para el desarrollo de la actividad , no incluye transporte) | H23: m2 | I23: 0 | J23: 14667 | K23: =ROUND(I23*J23,0) -> 0
D24: 1.12 | E24: - | F24: ESP P4 | G24: Demolición de pavimento rígido (mecánica) | H24: m2 | I24: 0 | J24: 23576 | K24: =ROUND(I24*J24,0) -> 0
D25: 1.13 | E25: - | F25: ESP P5 | G25: Corte de pavimento rígido y/o losas de concreto | H25: ml | I25: 0 | J25: 7489 | K25: =ROUND(I25*J25,0) -> 0
... D35: 1.23 | E35: - | F35: ESP P8 | G35: Generación y disposición de sobrantes | H35: m3 | I35: 1773.2094 | J35: 19773 | K35: =ROUND(I35*J35,0) -> 35061670
D36: 2 | G36: ACTIVIDADES DE MANTENIMIENTO | I36: 0 | J36: 0 | K36: =ROUND(I36*J36,0) -> 0
D37: 2.01 | E37: - | F37: ESP P9 | G37: Excavación manual para BACHEO Y PARCHEO | H37: m3 | I37: 169.744 | J37: 83355 | K37: =ROUND(I37*J37,0) -> 14149011
D38: 2.02 | E38: INV-330-22 | F38: - | G38: Base granular BACHEO Y PARCHEO (incluye Suministro, Extendido, Nivelación y Compactación con Vibrocompactador manual, incluye transporte al sitio) | H38: m3 | I38: 21.028 | J38: 157349 | K38: =ROUND(I38*J38,0) -> 3308735
D39: 2.04 | E39: INV-420-22 | F39: - | G39: Riego de imprimación con emulsión asfáltica CRL-1 PARA BACHEO (Incluye suministro y aplicación) | H39: m2 | I39: 210.28 | J39: 5299 | K39: =ROUND(I39*J39,0) -> 1114274
D40: 2.05 | E40: INV-450-22 | F40: - | G40: MEZCLA ASFÁLTICA EN CALIENTE TIPO MDC-19 PARA BACHEO (Incluye Suministro, extendido, nivelación y compactación CON VIBROCOMPACTADOR DE 3 TON, incluye transporte del material) | H40: m3 | I40: 21.028 | J40: 1407838 | K40: =ROUND(I40*J40,0) -> 29604017
D41: 2.06 | E41: INV-450-22 | F41: - | G41: PARCHEO TEMPORAL DE EMERGENCIA CON MDC-19 (Incluye Suministro, Extendido, Nivelación, compactación y transporte del material, personal e insumos. Emergencias Menores a 7 M2) | H41: m3 | I41: 0 | J41: 1584817 | K41: =ROUND(I41*J41,0) -> 0
D42: 2.07 | E42: INV-450-22 | F42: - | G42: MEZCLA ASFÁLTICA EN CALIENTE MDC-19 (solo suministro de mezcla asfáltica no incluye transporte ni instalacion) | H42: m3 | I42: 0 | J42: 856574 | K42: =ROUND(I42*J42,0) -> 0
D43: 2.08 | E43: INV-450-22 | F43: - | G43: Instalación de Mezcla Asfáltica (cuadrilla de 1 oficial x 8 ayudantes) | H43: m3 | I43: 0 | J43: 213499 | K43: =ROUND(I43*J43,0) -> 0
D44: 2.09 | E44: - | F44: ESP P10 | G44: Transporte de Mezcla Asfáltica para BACHEO Y PARCHEO | H44: m3 | I44: 0 | J44: 58500 | K44: =ROUND(I44*J44,0) -> 0
D45: 2.1 | E45: - | F45: ESP P11 | G45: Retiro de sobrantes a sitio final de disposición (incluye cargue manual) | H45: m3 | I45: 0 | J45: 63540 | K45: =ROUND(I45*J45,0) -> 0
D46: 2.11 | E46: - | F46: ESP P12 | G46: Limpieza de sumideros | H46: und | I46: 0 | J46: 111140 | K46: =ROUND(I46*J46,0) -> 0
D47: 2.12 | E47: - | F47: ESP P13 | G47: Remoción de derrumbes con retrocargador | H47: m3 | I47: 0 | J47: 31114 | K47: =ROUND(I47*J47,0) -> 0
D48: 2.13 | E48: INV-460-22 | F48: - | G48: Fresado de pavimento asfaltico hasta 10 cm (Incluye equipos y todas los elementos para el desarrollo de la actividad) (No incluye transporte) | H48: m2 | I48: 0 | J48: 14667 | K48: =ROUND(I48*J48,0) -> 0
... D52: 2.17 | E52: INV-510-22 | F52: - | G52: Suministro e instalacion de Adoquin hexagonal vehicular de 8x20x20 para pavimento articulado ( incluye suministro e instalacion de cama de arena fina h= 5cm, y de sello) | H52: m2 | I52: 0 | J52: 189214 | K52: =ROUND(I52*J52,0) -> 0
D53: 2.18 | E53: INV-500-22 | G53: Concreto Premezclado MR 41 - 4 pulgadas mantenimiento - 28 días para mantenimiento (incluye suministro, transporte, instalación de concreto)- (No incluye curado, cordón de espuma de polietileno, sellador de juntas, acero de barras pasajunta, barras de amarre ni acero canastilla) | H53: m3 | I53: 0 | J53: 969097 | K53: =ROUND(I53*J53,0) -> 0
D54: 2.19 | E54: INV-500-22 | G54: Acero para dovelas, canastilla y barras de amarre (incluye corte y figurado e instalacion) | H54: kg | I54: 0 | J54: 13710 | K54: =ROUND(I54*J54,0) -> 0
D55: 2.2 | E55: INV-500-22 | G55: Corte de juntas de dilatacion menor a 8 cm | H55: ml | I55: 0 | J55: 7154 | K55: =ROUND(I55*J55,0) -> 0
D56: 2.21 | E56: INV-500-22 | G56: Suministro y aplicación de aditivo para curado de concreto | H56: m2 | I56: 0 | J56: 6284 | K56: =ROUND(I56*J56,0) -> 0
D57: 2.22 | E57: INV-500-22 | G57: Cordón de espuma de polietileno y sellado de juntas de dilatacion | H57: ml | I57: 0 | J57: 14667 | K57: =ROUND(I57*J57,0) -> 0
D58: 2.23 | E58: - | F58: ESP P8 | G58: Generación y disposición de sobrantes | H58: m3 | I58: 54.67 | J58: 19773 | K58: =ROUND(I58*J58,0) -> 1080990
D59: 3 | G59: OBRAS COMPLEMENTARIAS | I59: 0 | J59: 0 | K59: =ROUND(I59*J59,0) -> 0
D60: 3.01 | E60: - | F60: ESP P14 | G60: Anden de concreto de 3000 psi h=10 cm (incluye malla electrosoldada de 5mm) | H60: m2 | I60: 428.25 | J60: 118882 | K60: =ROUND(I60*J60,0) -> 50911217
D61: 3.02 | E61: INV-330-22 | F61: - | G61: Base granular para ANDENES (incluye Suministro, Extendido, Nivelación y Compactación con Vibrocompactador manual, incluye transporte) | H61: m3 | I61: 41.368 | J61: 161265 | K61: =ROUND(I61*J61,0) -> 6671211
D62: 3.03 | E62: INV-672-22 | F62: - | G62: Bordillo hecho en sitio de h=40cm a=15 cm, (concreto de 3000 psi, incluye acero) | H62: ml | I62: 42 | J62: 83083 | K62: =ROUND(I62*J62,0) -> 3489486
D63: 3.04 | E63: INV-672-22 | F63: - | G63: Bordillo prefabricado concreto de 3000 PSI h=45cm, a=15 cm | H63: ml | I63: 508 | J63: 78592 | K63: =ROUND(I63*J63,0) -> 39924736
D64: 3.05 | E64: - | F64: ESP P15 | G64: Suministro e instalación de loseta alerta/guía e=6cm 6x20x20 | H64: m2 | I64: 0 | J64: 208946 | K64: =ROUND(I64*J64,0) -> 0
D65: 3.06 | E65: - | F65: ESP P16 | G65: Suministro e instalación de loseta guía/alerta 6x20x20 | H65: ml | I65: 0 | J65: 50860 | K65: =ROUND(I65*J65,0) -> 0
D66: 3.07 | E66: - | F66: ESP P17 | G66: Realce de Pozos en concreto de 3000 psi (incluye demolición de concreto y refuerzo) | H66: und | I66: 0 | J66: 374689 | K66: =ROUND(I66*J66,0) -> 0
D67: 3.07 | G67: Realce de Pozos en concreto de 3000 psi (incluye demolición de concreto y refuerzo) | H67: und | I67: 9 | J67: =K67/I67 -> 374689 | K67: 3372201
D68: 3.08 | E68: - | F68: ESP P18 | G68: Geotextil NT3000 | H68: m2 | I68: 3261.41 | J68: 23452 | K68: =ROUND(I68*J68,0) -> 76486587
D69: 3.09 | F69: ESP P19 | G69: Excavacion manual en material comun en zona | H69: m3 | I69: 0 | J69: 58496 | K69: =ROUND(I69*J69,0) -> 0
D70: 3.1 | F70: ESP P20 | G70: Excavación a maquina material comun de la zona saturado y contaminado | H70: m3 | I70: 0 | J70: 20968 | K70: =ROUND(I70*J70,0) -> 0
D71: 3.11 | F71: ESP P21 | G71: Relleno compactado en material comun de la zona | H71: m3 | I71: 0 | J71: 46879 | K71: =ROUND(I71*J71,0) -> 0
D72: 3.12 | F72: ESP P22 | G72: Relleno compactado material de prestamo grava de rio | H72: m3 | I72: 0 | J72: 138264 | K72: =ROUND(I72*J72,0) -> 0
D73: 3.13 | F73: ESP P23 | G73: Pedraplen compacto | H73: m3 | I73: 43.28 | J73: 140257 | K73: =ROUND(I73*J73,0) -> 6070323
D74: 3.14 | F74: ESP P24 | G74: Suministro e Instalación de Sub-base compactada en capas de 10 CM | H74: m3 | I74: 0 | J74: 106262 | K74: =ROUND(I74*J74,0) -> 0
D75: 3.15 | F75: ESP P25 | G75: Concreto de Saneamiento de 14 Mpa. | H75: m3 | I75: 0 | J75: 690802 | K75: =ROUND(I75*J75,0) -> 0
D76: 3.16 | F76: ESP P26 | G76: Concreto acelerado de 28 Mpa para losas de piso | H76: m3 | I76: 0 | J76: 970447 | K76: =ROUND(I76*J76,0) -> 0
D77: 3.17 | F77: ESP P27 | G77: Concreto acelerado de 28 Mpa para losas-muros laterales | H77: m3 | I77: 0 | J77: 1052701 | K77: =ROUND(I77*J77,0) -> 0
D78: 3.18 | F78: ESP P28 | G78: Entibado vertical zanja excavación | H78: m2 | I78: 0 | J78: 55084 | K78: =ROUND(I78*J78,0) -> 0
D79: 3.19 | F79: ESP P29 | G79: Concreto acelerado de 21 Mpa para losas-muros laterales | H79: m3 | I79: 11.22 | J79: 1011369 | K79: =ROUND(I79*J79,0) -> 11347560
D80: 3.2 | F80: ESP P30 | G80: Suministro e Instalación de Concreto Ciclópeo (CON CONCRETO 28 Mpa acelerado A7) para cimentación de pisos y muros de contención canal - otros | H80: m3 | I80: 0 | J80: 810923 | K80: =ROUND(I80*J80,0) -> 0
... D82: 3.22 | F82: ESP P32 | G82: Suministro e instalacion de Geomembrana HDPE | H82: m2 | I82: 0 | J82: 36202 | K82: =ROUND(I82*J82,0) -> 0
D83: 4 | G83: DEMARCACION | I83: 0 | J83: 0 | K83: =ROUND(I83*J83,0) -> 0
D84: 4.01 | E84: INV-700-22 | F84: - | G84: Demarcación horizontal lineal ancho 12 cm, pintura acrílica (incluye suministro, aplicación manual) | H84: ml | I84: 1500 | J84: 3536 | K84: =ROUND(I84*J84,0) -> 5304000
D85: 4.02 | E85: INV-700-22 | F85: - | G85: Demarcación horizontal marcas viales (cebras, flechas, símbolos, letras) pintura acrílica (incluye suministro, aplicación manual) | H85: m2 | I85: 0 | J85: 49290 | K85: =ROUND(I85*J85,0) -> 0
D86: NP | G86: ITEMS NO PREVISTOS | I86: 0 | K86: =ROUND(I86*J86,0) -> 0
D87: NP-1 | G87: Material de prestamo tipo sub-base estabilizado con cemento al 8% (incluye Suministro, Extendido, Nivelación y Compactación con Vibrocompactador 8 ton, incluye transporte) | H87: M3 | I87: 230.31 | J87: 334494 | K87: =ROUND(I87*J87,0) -> 77037313
D88: NP-2 | G88: Reparacion e instalacion domiciliaria de acueducto | H88: ML | I88: 66.268516 | J88: 31190 | K88: =ROUND(I88*J88,0) -> 2066915
D89: NP-3 | G89: Reparacion e instalacion domiciliaria de alcantarillado | H89: ML | I89: 0 | J89: 167538 | K89: =ROUND(I89*J89,0) -> 0
D90: 5 | G90: COMPONENTES
D91: 5.01 | E91: - | F91: Anexo | G91: Componente SST | H91: glb | I91: 1 | J91: 8000000 | K91: =ROUND(I91*J91,0) -> 8000000
D92: 5.02 | E92: - | F92: Anexo | G92: Componente Ambiental | H92: glb | I92: 1 | J92: 8500000 | K92: =ROUND(I92*J92,0) -> 8500000
D93: 5.03 | E93: - | F93: Anexo | G93: Componente Social | H93: glb | I93: 1 | J93: 2000000 | K93: =ROUND(I93*J93,0) -> 2000000
D94: 5.04 | E94: - | F94: Anexo | G94: Componente Sig | H94: glb | I94: 1 | J94: 2000000 | K94: =ROUND(I94*J94,0) -> 2000000
D95: 5.05 | E95: - | F95: Anexo | G95: Plan de manejo de transito | H95: glb | I95: 1 | J95: 9600000 | K95: =ROUND(I95*J95,0) -> 9600000
D96: SUBTOTAL OBRAS | K96: =SUM(K14:K95) -> 1169268168
D97: 6 | G97: DIAGNOSTICO
D98: 6.1 | G98: ENTREGABLE DE DIAGNOSTICO INCLUYE IVA 19% | H98: und | I98: 6 | J98: 5548375 | K98: =ROUND(I98*J98,0) -> 33290250
G99: SUBTOTAL DIAGNOSTICO INCLUYE IVA 19% | K99: =+K98 -> 33290250
G102: VALOR TOTAL | K102: =+K96+K99 -> 1202558418
C106: NOTA 1: Se debe tener en cuenta que el PRECIO UNITARIO incluye el valor de A.I.U. | H106: DESCRIPCION | K106: PORCENTAJE
C107: NOTA 2: Cuando la fracción decimal del peso sea igual o superior a 5 se aproximará por exceso al número entero siguiente del peso y cuando la fracción decimal del peso sea inferior a 5 se aproximará por defecto al número entero del peso. | H107: ADMINISTRACIÓN | J107: A= | K107: 0.24
C108: NOTA 3: El A.I.U y su discriminación deben estar en porcentaje (%). | H108: IMPREVISTO | J108: I= | K108: 0.01
H109: UTILIDAD | J109: U= | K109: 0.05
D110: SAID ARIAS PICON | H110: TOTAL A.I.U | J110: A.I.U.= | K110: =SUM(K107:K109) -> 0.3
D111: R/L UNION TEMPORAL B&A BACHEO L2

Sheet Cronograma prorroga
B1: CRONOGRAMA INICIAL DE ACTIVIDADES E INVERSIONES ETAPA 2 - CONSTRUCCION
B2: CRONOGRAMA INICIAL DE ACTIVIDADES E INVERSIONES
B3: MUNICIPIO DE CUCUTA
B4: UNION TEMPORAL B&A BACHEO L2
B5: CONTRATO DE OBRA No. 4186-2023
B6: “DIAGNOSTICO, CONSTRUCCION Y/O REHABILITACION Y/O MEJORAMIENTO DE LA MALLA VIAL URBANA DEL MUNICIPIO DE SAN JOSE DE CUCUTA FASE IV” LOTE 2
B7: CONTRATANTE: MUNICIPIO DE SAN JOSE DE CUCUTA
B8: VALOR TOTAL CONTRATO ESPECIFICO | G8: =+B173 -> 1803299489 | I8: PLAZO INICIAL | K8: 135 | M8: FECHA DE INICIACION: | Q8: 45259
B10: ITEM | C10: DESCRIPCION | D10: Unidad | E10: CANT | F10: V/R UNITARIO | G10: V/R TOTAL | H10: PLAZO (DIAS) | K10: NOVIEMBRE-2023 | M10: DICIEMBRE - 2023 | AR10: ENERO-2024 | BI10: FEBRERO-2024 | CE10: MARZO-2024 | DJ10: ABRIL-2024 | EL10: JUNIO -01 | FN10: JULIO -01
K11: SEMANA 1 | P11: SEMANA 2 | W11: SEMANA 3 | AD11: SEMANA 4 | AK11: SEMANA 5 | AR11: SEMANA 6 | AY11: SEMANA 7 | BF11: SEMANA 8 | BM11: SEMANA 9 | BT11: SEMANA 10 | CA11: SEMANA 11 | CH11: SEMANA 12 | CO11: SEMANA 13 | CV11: SEMANA 14 | DC11: SEMANA 15 | DJ11: SEMANA 16 | DQ11: SEMANA 17 | DX11: SEMANA 18 | EE11: SEMANA 19 | EL11: SEMANA 20 | ES11: SEMANA 21 | EZ11: SEMANA 22 | FG11: SEMANA 23 | FN11: SEMANA 24 | FU11: SEMANA 25 | GB11: SEMANA 25
K12: M | L12: J | M12: V | N12: S | O12: D | P12: L | Q12: M | R12: M | S12: J | T12: V | U12: S | V12: D | W12: L | X12: M | Y12: M | Z12: J | AA12: V | AB12: S | AC12: D | AD12: L | AE12: M | AF12: M | AG12: J | AH12: V | AI12: S | AJ12: D | AK12: L | AL12: M | AM12: M | AN12: J | AO12: V | AP12: S | AQ12: D | AR12: L | AS12: M | AT12: M | AU12: J | AV12: V | AW12: S | AX12: D | AY12: L | AZ12: M | BA12: M | BB12: J | BC12: V | BD12: S | BE12: D | BF12: L | BG12: M | BH12: M | BI12: J | BJ12: V | BK12: S | BL12: D | BM12: L | BN12: M | BO12: M | BP12: J | BQ12: V | BR12: S | BS12: D | BT12: L | BU12: M | BV12: M | BW12: J | BX12: V | BY12: S | BZ12: D | CA12: L | CB12: M | CC12: M | CD12: J | CE12: V | CF12: S | CG12: D | CH12: L | CI12: M | CJ12: M | CK12: J | CL12: V | CM12: S | CN12: D | CO12: L | CP12: M | CQ12: M | CR12: J | CS12: V | CT12: S | CU12: D | CV12: L | CW12: M | CX12: M | CY12: J | CZ12: V | DA12: S | DB12: D | DC12: L | DD12: M | DE12: M | DF12: J | DG12: V | DH12: S | DI12: D | DJ12: L | DK12: M | DL12: M | DM12: J | DN12: V | DO12: S | DP12: D | DQ12: L | DR12: M | DS12: M | DT12: J | DU12: V | DV12: S | DW12: D | DX12: L | DY12: M | DZ12: M | EA12: J | EB12: V | EC12: S | ED12: D | EE12: L | EF12: M | EG12: M | EH12: J | EI12: V | EJ12: S | EK12: D | EL12: L | EM12: M | EN12: M | EO12: J | EP12: V | EQ12: S | ER12: D | ES12: L | ET12: M | EU12: M | EV12: J | EW12: V | EX12: S | EY12: D | EZ12: L | FA12: M | FB12: M | FC12: J | FD12: V | FE12: S | FF12: D | FG12: L | FH12: M | FI12: M | FJ12: J | FK12: V | FL12: S | FM12: D | FN12: L | FO12: M | FP12: M | FQ12: J | FR12: V | FS12: S | FT12: D | FU12: L | FV12: M | FW12: M | FX12: J | FY12: V | FZ12: S | GA12: D | GB12: L | GC12: M | GD12: M | GE12: J | GF12: V | GG12: S
K13: 29 | L13: 30 | M13: 1 | N13: =1+M13 -> 2 | O13: =1+N13 -> 3 | P13: =1+O13 -> 4 | Q13: =1+P13 -> 5 | R13: =1+Q13 -> 6 | S13: =1+R13 -> 7 | T13: =1+S13 -> 8 | U13: =1+T13 -> 9 | ... AH13: =1+AG13 -> 22 | AI13: 23 | AJ13: 24 | AK13: =1+AJ13 -> 25 | AL13: =1+AK13 -> 26 | AM13: =1+AL13 -> 27 | AN13: =1+AM13 -> 28 | AO13: =1+AN13 -> 29 | AP13: =1+AO13 -> 30 | AQ13: =1+AP13 -> 31 | AR13: 15 | AS13: =1+AR13 -> 16 | AT13: =1+AS13 -> 17 | AU13: =1+AT13 -> 18 | AV13: =1+AU13 -> 19 | AW13: =1+AV13 -> 20 | AX13: =1+AW13 -> 21 | AY13: =1+AX13 -> 22 | AZ13: =1+AY13 -> 23 | BA13: =1+AZ13 -> 24 | BB13: 25 | BC13: 26 | BD13: =1+BC13 -> 27 | BE13: =1+BD13 -> 28 | BF13: =1+BE13 -> 29 | BG13: =1+BF13 -> 30 | BH13: =1+BG13 -> 31 | BI13: 1 | BJ13: =1+BI13 -> 2 | BK13: 3 | BL13: 4 | BM13: =1+BL13 -> 5 | BN13: =1+BM13 -> 6 | BO13: =1+BN13 -> 7 | BP13: =1+BO13 -> 8 | BQ13: =1+BP13 -> 9 | BR13: =1+BQ13 -> 10 | BS13: =1+BR13 -> 11 | BT13: =1+BS13 -> 12 | ... BW13: =1+BV13 -> 15 | BX13: 23 | BY13: 24 | BZ13: =1+BY13 -> 25 | CA13: =1+BZ13 -> 26 | CB13: =1+CA13 -> 27 | CC13: =1+CB13 -> 28 | CD13: =1+CC13 -> 29 | CE13: 1 | CF13: 2 | CG13: 3 | CH13: 4 | CI13: 5 | CJ13: 6 | CK13: 7 | CL13: 8 | CM13: 9 | CN13: 10 | CO13: 11 | CP13: 12 | CQ13: 13 | CR13: 14 | CS13: 15 | CT13: 16 | CU13: 17 | CV13: 18 | CW13: 19 | CX13: 20 | CY13: 21 | CZ13: 22 | DA13: 23 | DB13: 24 | DC13: 25 | DD13: 26 | DE13: 27 | DF13: 28 | DG13: 29 | DH13: 30 | DI13: 31 | DJ13: 1 | DK13: 2 | DL13: 3 | DM13: 4 | DN13: 5 | DO13: 6 | DP13: 7 | DQ13: 8 | DR13: 9 | DS13: 10 | DT13: 11 | DU13: 12 | DV13: 13 | DW13: 14 | DX13: 15 | DY13: 16 | DZ13: 17 | EA13: 18 | EB13: 19 | EC13: 20 | ED13: 21 | EE13: 22 | EF13: 23 | EG13: 24 | EH13: 25 | EI13: 26 | EJ13: 27 | EK13: 28 | EL13: 29 | EM13: 30 | EN13: 1 | EO13: 2 | EP13: 3 | EQ13: 4 | ER13: 5 | ES13: 6 | ET13: 7 | EU13: 8 | EV13: 9 | EW13: 10 | EX13: 11 | EY13: 12 | EZ13: 13 | FA13: 14 | FB13: 15 | FC13: 16 | FD13: 17 | FE13: 18 | FF13: 19 | FG13: 20 | FH13: 21 | FI13: 22 | FJ13: 23 | FK13: 24 | FL13: 25 | FM13: 26 | FN13: 27 | FO13: 28 | FP13: 29 | FQ13: 30 | FR13: 31 | FS13: 1 | FT13: 2 | FU13: 3 | FV13: 4 | FW13: 5 | FX13: 6 | FY13: 7 | FZ13: 8 | GA13: 9 | GB13: 10 | GC13: 11 | GD13: 12 | GE13: 13 | GF13: 14 | GG13: 15
C14: DURACION DEL PROYECTO | H14: 181 | K14: 1 | L14: 1 | M14: 1 | N14: 1 | O14: 1 | P14: 1 | Q14: 1 | R14: 1 | S14: 1 | T14: 1 | U14: 1 | V14: 1 | W14: 1 | X14: 1 | Y14: 1 | Z14: 1 | AA14: 1 | AB14: 1 | AC14: 1 | AD14: 1 | AE14: 1 | AF14: 1 | AG14: 1 | AH14: 1 | AI14: 1 | AJ14: 1 | AK14: 1 | AL14: 1 | AM14: 1 | AN14: 1 | AO14: 1 | AP14: 1 | AQ14: 1 | AR14: 1 | AS14: 1 | AT14: 1 | AU14: 1 | AV14: 1 | AW14: 1 | AX14: 1 | AY14: 1 | AZ14: 1 | BA14: 1 | BB14: 1 | BC14: 1 | BD14: 1 | BE14: 1 | BF14: 1 | BG14: 1 | BH14: 1 | BI14: 1 | BJ14: 1 | BK14: 1 | BL14: 1 | BM14: 1 | BN14: 1 | BO14: 1 | BP14: 1 | BQ14: 1 | BR14: 1 | BS14: 1 | BT14: 1 | BU14: 1 | BV14: 1 | BW14: 1 | BX14: 1 | BY14: 1 | BZ14: 1 | CA14: 1 | CB14: 1 | CC14: 1 | CD14: 1 | CE14: 1 | CF14: 1 | CG14: 1 | CH14: 1 | CI14: 1 | CJ14: 1 | CK14: 1 | CL14: 1 | CM14: 1 | CN14: 1 | CO14: 1 | CP14: 1 | CQ14: 1 | CR14: 1 | CS14: 1 | CT14: 1 | CU14: 1 | CV14: 1 | CW14: 1 | CX14: 1 | CY14: 1 | CZ14: 1 | DA14: 1 | DB14: 1 | DC14: 1 | DD14: 1 | DE14: 1 | DF14: 1 | DG14: 1 | DH14: 1 | DI14: 1 | DJ14: 1 | DK14: 1 | DL14: 1 | DM14: 1 | DN14: 1 | DO14: 1 | DP14: 1 | DQ14: 1 | DR14: 1 | DS14: 1 | DT14: 1 | DU14: 1 | DV14: 1 | DW14: 1 | DX14: 1 | DY14: 1 | DZ14: 1 | EA14: 1 | EB14: 1 | EC14: 1 | ED14: 1 | EE14: 1 | EF14: 1 | EG14: 1 | EH14: 1 | EI14: 1 | EJ14: 1 | EK14: 1 | EL14: 1 | EM14: 1 | EN14: 1 | EO14: 1 | EP14: 1 | EQ14: 1 | ER14: 1 | ES14: 1 | ET14: 1 | EU14: 1 | EV14: 1 | EW14: 1 | EX14: 1 | EY14: 1 | EZ14: 1 | FA14: 1 | FB14: 1 | FC14: 1 | FD14: 1 | FE14: 1 | FF14: 1 | FG14: 1 | FH14: 1 | FI14: 1 | FJ14: 1 | FK14: 1 | FL14: 1 | FM14: 1 | FN14: 1 | FO14: 1 | FP14: 1 | FQ14: 1 | FR14: 1 | FS14: 1 | FT14: 1 | FU14: 1 | FV14: 1 | FW14: 1 | FX14: 1 | FY14: 1 | FZ14: 1 | GA14: 1 | GB14: 1 | GC14: 1 | GD14: 1 | GE14: 1 | GF14: 1 | GG14: 1
B15: =+'BALANCE GENERAL'!D14 -> 1.01 | C15: =+'BALANCE GENERAL'!G14 -> Excavación mecánica | D15: =+'BALANCE GENERAL'!H14 -> m3 | E15: 1433.61 | F15: =+'BALANCE GENERAL'!J14 -> 18460 | G15: =ROUND(E15*F15,0) -> 26464441 | J15: P | AV15: 1 | AW15: 1 | AX15: 1 | AY15: 1 | AZ15: 1 | BA15: 1 | BB15: 1 | BC15: 1 | BD15: 1 | BE15: 1 | BF15: 1 | BG15: 1 | BH15: 1 | CH15: 1 | CI15: 1 | CJ15: 1 | CK15: 1 | CL15: 1 | CM15: 1
K16: 0 | P16: 0 | V16: =(SUM(V15:AB15)/SUM($K15:$EC15))*$G15 -> 0 | AC16: =(SUM(AC15:AI15)/SUM($K15:$DI15))*$G15 -> 0 | AJ16: =(SUM(AJ15:AP15)/SUM($K15:$DI15))*$G15 -> 0 | AQ16: 2124824.5 | AX16: 7436885.8 | BE16: 4249649.1 | BL16: =(SUM(BL15:BR15)/SUM($K15:$DI15))*$G15 -> 0 | BS16: =(SUM(BS15:BY15)/SUM($K15:$DI15))*$G15 -> 0 | BZ16: =(SUM(BZ15:CF15)/SUM($K15:$DI15))*$G15 -> 0 | CG16: 6374473.4 | CN16: =(SUM(CN15:CT15)/SUM($K15:$DI15))*$G15 -> 0 | CU16: =(SUM(CU15:DA15)/SUM($K15:$DI15))*$G15 -> 0 | DB16: =(SUM(DB15:DH15)/SUM($K15:$DI15))*$G15 -> 0 | DI16: =(SUM(DI15:DO15)/SUM($K15:$DI15))*$G15 -> 0 | DP16: =(SUM(DP15:DV15)/SUM($K15:$DI15))*$G15 -> 0 | DW16: =(SUM(DW15:EC15)/SUM($K15:$DI15))*$G15 -> 0 | ED16: =(SUM(ED15:EJ15)/SUM($K15:$DI15))*$G15 -> 0 | EK16: =+(EL15+EM15+EN15+EO15+EP15+EQ15)*G15 -> 0 | ER16: 6278607.8 | EY16: =+(EY15+EZ15+FA15+FB15+FC15+FD15+FE15)*$G$15 -> 0 | FF16: =+(FF15+FG15+FH15+FI15+FJ15+FK15+FL15)*$G$15 -> 0 | FM16: =+(FM15+FN15+FO15+FP15+FQ15+FR15+FS15)*$G$15 -> 0 | FT16: =+(FT15+FU15+FV15+FW15+FX15+FY15+FZ15)*$G$15 -> 0 | GA16: =+(GA15+GB15+GC15+GD15+GE15+GF15+GG15)*$G$15 -> 0
J17: E
B19: =+'BALANCE GENERAL'!D15 -> 1.02 | C19: =+'BALANCE GENERAL'!G15 -> Corte de pavimento asfaltico | D19: =+'BALANCE GENERAL'!H15 -> ml | E19: 402.78 | F19: =+'BALANCE GENERAL'!J15 -> 5286 | G19: =ROUND(E19*F19,0) -> 2129095 | J19: P | CG19: 1
K20: 0 | P20: 0 | V20: =(SUM(V19:AB19)/SUM($K19:$EC19))*$G19 -> 0 | AC20: =(SUM(AC19:AI19)/SUM($K19:$EC19))*$G19 -> 0 | AJ20: =(SUM(AJ19:AP19)/SUM($K19:$EC19))*$G19 -> 0 | AQ20: =(SUM(AQ19:AW19)/SUM($K19:$EC19))*$G19 -> 0 | AX20: =(SUM(AX19:BD19)/SUM($K19:$EC19))*$G19 -> 0 | BE20: =(SUM(BE19:BK19)/SUM($K19:$EC19))*$G19 -> 0 | BL20: =(SUM(BL19:BR19)/SUM($K19:$EC19))*$G19 -> 0 | BS20: =(SUM(BS19:BY19)/SUM($K19:$EC19))*$G19 -> 0 | BZ20: =(SUM(BZ19:CF19)/SUM($K19:$EC19))*$G19 -> 0 | CG20: 352893 | CN20: =(SUM(CN19:CT19)/SUM($K19:$EC19))*$G19 -> 0 | CU20: =(SUM(CU19:DA19)/SUM($K19:$EC19))*$G19 -> 0 | DB20: =(SUM(DB19:DH19)/SUM($K19:$EC19))*$G19 -> 0 | DI20: =(SUM(DI19:DO19)/SUM($K19:$EC19))*$G19 -> 0 | DP20: =(SUM(DP19:DV19)/SUM($K19:$EC19))*$G19 -> 0 | DW20: =(SUM(DW19:EC19)/SUM($K19:$EC19))*$G19 -> 0 | ED20: =(SUM(ED19:EJ19)/SUM($K19:$EC19))*$G19 -> 0 | EK20: =(SUM(EK19:EQ19)/SUM($K19:$EC19))*$G19 -> 0 | ER20: =+(ER19+ES19+ET19+EU19+EV19+EW19+EX19)*G19 -> 0 | EY20: 1776202.1 | FF20: =+(FF19+FG19+FH19+FI19+FJ19+FK19+FL19)*U19 -> 0 | FM20: =+(FM19+FN19+FO19+FP19+FQ19+FR19+FS19)*AB19 -> 0 | FT20: =+(FT19+FU19+FV19+FW19+FX19+FY19+FZ19)*AI19 -> 0 | GA20: =+(GA19+GB19+GC19+GD19+GE19+GF19+GG19)*AP19 -> 0
J21: E
B23: =+'BALANCE GENERAL'!D16 -> 1.03 | C23: =+'BALANCE GENERAL'!G16 -> Demolición de pavimento asfaltico (incluye compresor con martillo demoledor) | D23: =+'BALANCE GENERAL'!H16 -> m2 | E23: 4379.17 | F23: =+'BALANCE GENERAL'!J16 -> 16355 | G23: =ROUND(E23*F23,0) -> 71621325 | J23: P | AV23: 1 | AW23: 1 | AX23: 1 | AY23: 1 | AZ23: 1 | BA23: 1 | BB23: 1 | BC23: 1 | BD23: 1 | BE23: 1 | BF23: 1 | BG23: 1 | BH23: 1 | CH23: 1 | CI23: 1 | CJ23: 1 | CK23: 1 | CL23: 1 | CM23: 1
K24: 0 | P24: 0 | V24: =(SUM(V23:AB23)/SUM($K23:$EC23))*$G23 -> 0 | AC24: =(SUM(AC23:AI23)/SUM($K23:$EC23))*$G23 -> 0 | AJ24: =(SUM(AJ23:AP23)/SUM($K23:$EC23))*$G23 -> 0 | AQ24: 3252183.2 | AX24: 11382641 | BE24: 6504366.3 | BL24: =(SUM(BL23:BR23)/SUM($K23:$EC23))*$G23 -> 0 | BS24: =(SUM(BS23:BY23)/SUM($K23:$EC23))*$G23 -> 0 | BZ24: =(SUM(BZ23:CF23)/SUM($K23:$EC23))*$G23 -> 0 | CG24: 9756549.5 | CN24: =(SUM(CN23:CT23)/SUM($K23:$EC23))*$G23 -> 0 | CU24: =(SUM(CU23:DA23)/SUM($K23:$EC23))*$G23 -> 0 | DB24: =(SUM(DB23:DH23)/SUM($K23:$EC23))*$G23 -> 0 | DI24: =(SUM(DI23:DO23)/SUM($K23:$EC23))*$G23 -> 0 | DP24: =(SUM(DP23:DV23)/SUM($K23:$EC23))*$G23 -> 0 | DW24: =(SUM(DW23:EC23)/SUM($K23:$EC23))*$G23 -> 0 | ED24: =(SUM(ED23:EJ23)/SUM($K23:$EC23))*$G23 -> 0 | EK24: =(SUM(EK23:EQ23)/SUM($K23:$EC23))*$G23 -> 0 | ER24: =+(ER23+ES23+ET23+EU23+EV23+EW23+EX23)*G23 -> 0 | EY24: =+(EY23+EZ23+FA23+FB23+FC23+FD23+FE23)*G23 -> 0 | FF24: 31675457 | FM24: 9050128 | FT24: =+(FT23+FU23+FV23+FW23+FX23+FY23+FZ23)*AI23 -> 0 | GA24: =+(GA23+GB23+GC23+GD23+GE23+GF23+GG23)*AP23 -> 0
J25: E
B27: =+'BALANCE GENERAL'!D17 -> 1.04 | C27: =+'BALANCE GENERAL'!G17 -> Conformación de subrasante | D27: =+'BALANCE GENERAL'!H17 -> m2 | E27: 5722.94 | F27: =+'BALANCE GENERAL'!J17 -> 8857 | G27: =ROUND(E27*F27,0) -> 50688080 | J27: P | BE27: 1 | BF27: 1 | BG27: 1 | BH27: 1 | CI27: 1 | CJ27: 1 | CK27: 1 | CL27: 1 | CM27: 1 | CN27: 1 | CO27: 1
K28: 0 | P28: 0 | V28: =(SUM(V27:AB27)/SUM($K27:$EC27))*$G27 -> 0 | AC28: =(SUM(AC27:AI27)/SUM($K27:$EC27))*$G27 -> 0 | AJ28: =(SUM(AJ27:AP27)/SUM($K27:$EC27))*$G27 -> 0 | AQ28: =(SUM(AQ27:AW27)/SUM($K27:$EC27))*$G27 -> 0 | AX28: =(SUM(AX27:BD27)/SUM($K27:$EC27))*$G27 -> 0 | BE28: 10549202 | BL28: =(SUM(BL27:BR27)/SUM($K27:$EC27))*$G27 -> 0 | BS28: =(SUM(BS27:BY27)/SUM($K27:$EC27))*$G27 -> 0 | BZ28: =(SUM(BZ27:CF27)/SUM($K27:$EC27))*$G27 -> 0 | CG28: 13186503 | CN28: 5274601.1 | CU28: =(SUM(CU27:DA27)/SUM($K27:$EC27))*$G27 -> 0 | DB28: =(SUM(DB27:DH27)/SUM($K27:$EC27))*$G27 -> 0 | DI28: =(SUM(DI27:DO27)/SUM($K27:$EC27))*$G27 -> 0 | DP28: =(SUM(DP27:DV27)/SUM($K27:$EC27))*$G27 -> 0 | DW28: =(SUM(DW27:EC27)/SUM($K27:$EC27))*$G27 -> 0 | ED28: =(SUM(ED27:EJ27)/SUM($K27:$EC27))*$G27 -> 0 | EK28: =(SUM(EK27:EQ27)/SUM($K27:$EC27))*$G27 -> 0 | ER28: =+(ER27+ES27+ET27+EU27+EV27+EW27+EX27)*G27 -> 0 | EY28: =+(EY27+EZ27+FA27+FB27+FC27+FD27+FE27)*N27 -> 0 | FF28: =+(FF27+FG27+FH27+FI27+FJ27+FK27+FL27)*U27 -> 0 | FM28: 21677774 | FT28: =+(FT27+FU27+FV27+FW27+FX27+FY27+FZ27)*AI27 -> 0 | GA28: =+(GA27+GB27+GC27+GD27+GE27+GF27+GG27)*AP27 -> 0
J29: E
B31: =+'BALANCE GENERAL'!D19 -> 1.06 | C31: =+'BALANCE GENERAL'!G19 -> Base granular CONSTRUCCION (incluye Suministro, Extendido, Nivelación y Compactación con Vibrocompactador manual, incluye transporte) | D31: =+'BALANCE GENERAL'!H19 -> m3 | E31: 332.53 | F31: =+'BALANCE GENERAL'!J19 -> 162188 | G31: =ROUND(E31*F31,0) -> 53932376 | J31: P | BI31: 1 | BJ31: 1 | BK31: 1 | BL31: 1 | BM31: 1 | BN31: 1 | BO31: 1 | BP31: 1 | BQ31: 1 | BR31: 1 | BS31: 1
K32: 0 | P32: 0 | V32: =(SUM(V31:AB31)/SUM($K31:$EC31))*$G31 -> 0 | AC32: =(SUM(AC31:AI31)/SUM($K31:$EC31))*$G31 -> 0 | AJ32: =(SUM(AJ31:AP31)/SUM($K31:$EC31))*$G31 -> 0 | AQ32: =(SUM(AQ31:AW31)/SUM($K31:$EC31))*$G31 -> 0 | AX32: =(SUM(AX31:BD31)/SUM($K31:$EC31))*$G31 -> 0 | BE32: 6665351.7 | BL32: 15552487 | BS32: 2221783.9 | BZ32: =(SUM(BZ31:CF31)/SUM($K31:$EC31))*$G31 -> 0 | CG32: =(SUM(CG31:CM31)/SUM($K31:$EC31))*$G31 -> 0 | CN32: =(SUM(CN31:CT31)/SUM($K31:$EC31))*$G31 -> 0 | CU32: =(SUM(CU31:DA31)/SUM($K31:$EC31))*$G31 -> 0 | DB32: =(SUM(DB31:DH31)/SUM($K31:$EC31))*$G31 -> 0 | DI32: =(SUM(DI31:DO31)/SUM($K31:$EC31))*$G31 -> 0 | DP32: =(SUM(DP31:DV31)/SUM($K31:$EC31))*$G31 -> 0 | DW32: =(SUM(DW31:EC31)/SUM($K31:$EC31))*$G31 -> 0 | ED32: =(SUM(ED31:EJ31)/SUM($K31:$EC31))*$G31 -> 0 | EK32: =(SUM(EK31:EQ31)/SUM($K31:$EC31))*$G31 -> 0 | ER32: =+(ER31+ES31+ET31+EU31+EV31+EW31+EX31)*G31 -> 0 | EY32: =+(EY31+EZ31+FA31+FB31+FC31+FD31+FE31)*N31 -> 0 | FF32: =+(FF31+FG31+FH31+FI31+FJ31+FK31+FL31)*U31 -> 0 | FM32: 29492753 | FT32: =+(FT31+FU31+FV31+FW31+FX31+FY31+FZ31)*AI31 -> 0 | GA32: =+(GA31+GB31+GC31+GD31+GE31+GF31+GG31)*AP31 -> 0
J33: E
B35: =+'BALANCE GENERAL'!D20 -> 1.08 | C35: =+'BALANCE GENERAL'!G20 -> Riego de imprimación con emulsión asfáltica CRL-1 PARA CONSTRUCCION (Incluye suministro y aplicación) | D35: =+'BALANCE GENERAL'!H20 -> m2 | E35: 4675.23 | F35: =+'BALANCE GENERAL'!J20 -> 5101 | G35: =ROUND(E35*F35,0) -> 23848348 | J35: P | CR35: 1 | CS35: 1
K36: 0 | P36: 0 | V36: =(SUM(V35:AB35)/SUM($K35:$EC35))*$G35 -> 0 | AC36: =(SUM(AC35:AI35)/SUM($K35:$EC35))*$G35 -> 0 | AJ36: =(SUM(AJ35:AP35)/SUM($K35:$EC35))*$G35 -> 0 | AQ36: =(SUM(AQ35:AW35)/SUM($K35:$EC35))*$G35 -> 0 | AX36: =(SUM(AX35:BD35)/SUM($K35:$EC35))*$G35 -> 0 | BE36: =(SUM(BE35:BK35)/SUM($K35:$EC35))*$G35 -> 0 | BL36: =(SUM(BL35:BR35)/SUM($K35:$EC35))*$G35 -> 0 | BS36: =(SUM(BS35:BY35)/SUM($K35:$EC35))*$G35 -> 0 | BZ36: =(SUM(BZ35:CF35)/SUM($K35:$EC35))*$G35 -> 0 | CG36: =(SUM(CG35:CM35)/SUM($K35:$EC35))*$G35 -> 0 | CN36: 12656142 | CU36: =(SUM(CU35:DA35)/SUM($K35:$EC35))*$G35 -> 0 | DB36: =(SUM(DB35:DH35)/SUM($K35:$EC35))*$G35 -> 0 | DI36: =(SUM(DI35:DO35)/SUM($K35:$EC35))*$G35 -> 0 | DP36: =(SUM(DP35:DV35)/SUM($K35:$EC35))*$G35 -> 0 | DW36: =(SUM(DW35:EC35)/SUM($K35:$EC35))*$G35 -> 0 | ED36: =(SUM(ED35:EJ35)/SUM($K35:$EC35))*$G35 -> 0 | EK36: =(SUM(EK35:EQ35)/SUM($K35:$EC35))*$G35 -> 0 | ER36: =+(ER35+ES35+ET35+EU35+EV35+EW35+EX35)*G35 -> 0 | EY36: =+(EY35+EZ35+FA35+FB35+FC35+FD35+FE35)*N35 -> 0 | FF36: =+(FF35+FG35+FH35+FI35+FJ35+FK35+FL35)*U35 -> 0 | FM36: =+(FM35+FN35+FO35+FP35+FQ35+FR35+FS35)*AB35 -> 0 | FT36: 11192206 | GA36: =+(GA35+GB35+GC35+GD35+GE35+GF35+GG35)*AP35 -> 0
J37: E
B39: =+'BALANCE GENERAL'!D21 -> 1.09 | C39: =+'BALANCE GENERAL'!G21 -> MEZCLA ASFÁLTICA EN CALIENTE TIPO MDC-19 PARA CONSTRUCCION (Incluye Suministro, extendido, nivelación y compactación, incluye transporte del material) | D39: =+'BALANCE GENERAL'!H21 -> m3 | E39: 453.27 | F39: =+'BALANCE GENERAL'!J21 -> 1155513 | G39: =ROUND(E39*F39,0) -> 523759378 | J39: P | CU39: 1 | CV39: 1 | CW39: 1 | CX39: 1 | CY39: 1 | CZ39: 1 | DA39: 1 | DB39: 1 | FW39: 0.124753 | FX39: 0.124753 | FY39: 0.124753 | FZ39: 0.124753
K40: 0 | P40: 0 | V40: =(SUM(V39:AB39)/SUM($K39:$EC39))*$G39 -> 0 | AC40: =(SUM(AC39:AI39)/SUM($K39:$EC39))*$G39 -> 0 | AJ40: =(SUM(AJ39:AP39)/SUM($K39:$EC39))*$G39 -> 0 | AQ40: =(SUM(AQ39:AW39)/SUM($K39:$EC39))*$G39 -> 0 | AX40: =(SUM(AX39:BD39)/SUM($K39:$EC39))*$G39 -> 0 | BE40: =(SUM(BE39:BK39)/SUM($K39:$EC39))*$G39 -> 0 | BL40: =(SUM(BL39:BR39)/SUM($K39:$EC39))*$G39 -> 0 | BS40: =(SUM(BS39:BY39)/SUM($K39:$EC39))*$G39 -> 0 | BZ40: =(SUM(BZ39:CF39)/SUM($K39:$EC39))*$G39 -> 0 | CG40: =(SUM(CG39:CM39)/SUM($K39:$EC39))*$G39 -> 0 | CN40: =(SUM(CN39:CT39)/SUM($K39:$EC39))*$G39 -> 0 | CU40: 2.2959769e+08 | DB40: 32799670 | DI40: =(SUM(DI39:DO39)/SUM($K39:$EC39))*$G39 -> 0 | DP40: =(SUM(DP39:DV39)/SUM($K39:$EC39))*$G39 -> 0 | DW40: =(SUM(DW39:EC39)/SUM($K39:$EC39))*$G39 -> 0 | ED40: =(SUM(ED39:EJ39)/SUM($K39:$EC39))*$G39 -> 0 | EK40: =(SUM(EK39:EQ39)/SUM($K39:$EC39))*$G39 -> 0 | ER40: =+(ER39+ES39+ET39+EU39+EV39+EW39+EX39)*G39 -> 0 | EY40: =+(EY39+EZ39+FA39+FB39+FC39+FD39+FE39)*N39 -> 0 | FF40: =+(FF39+FG39+FH39+FI39+FJ39+FK39+FL39)*U39 -> 0 | FM40: =+(FM39+FN39+FO39+FP39+FQ39+FR39+FS39)*AB39 -> 0 | FT40: 2.6136202e+08 | GA40: =+(GA39+GB39+GC39+GD39+GE39+GF39+GG39)*AP39 -> 0
J41: E
B43: =+'BALANCE GENERAL'!D22 -> 1.1 | C43: =+'BALANCE GENERAL'!G22 -> Base estabilizada con cemento al 6% (incluye Suministro, Extendido, Nivelación y Compactación con Vibrocompactador 8 ton, incluye transporte) | D43: =+'BALANCE GENERAL'!H22 -> m3 | E43: 554.02 | F43: =+'BALANCE GENERAL'!J22 -> 291945 | G43: =ROUND(E43*F43,0) -> 161743369 | J43: P | CI43: 1 | CJ43: 1 | CK43: 1 | CL43: 1 | CM43: 1 | CN43: 1 | CO43: 1 | CP43: 1 | CQ43: 1 | FP43: 0.064196 | FQ43: 0.064196 | FR43: 0.064196 | FS43: 0.064196 | FT43: 0.064196 | FU43: 0.064196
K44: 0 | P44: 0 | V44: =(SUM(V43:AB43)/SUM($K43:$EC43))*$G43 -> 0 | AC44: =(SUM(AC43:AI43)/SUM($K43:$EC43))*$G43 -> 0 | AJ44: =(SUM(AJ43:AP43)/SUM($K43:$EC43))*$G43 -> 0 | AQ44: =(SUM(AQ43:AW43)/SUM($K43:$EC43))*$G43 -> 0 | AX44: =(SUM(AX43:BD43)/SUM($K43:$EC43))*$G43 -> 0 | BE44: =(SUM(BE43:BK43)/SUM($K43:$EC43))*$G43 -> 0 | BL44: =(SUM(BL43:BR43)/SUM($K43:$EC43))*$G43 -> 0 | BS44: =(SUM(BS43:BY43)/SUM($K43:$EC43))*$G43 -> 0 | BZ44: =(SUM(BZ43:CF43)/SUM($K43:$EC43))*$G43 -> 0 | CG44: 55246456 | CN44: 44197164 | CU44: =(SUM(CU43:DA43)/SUM($K43:$EC43))*$G43 -> 0 | DB44: =(SUM(DB43:DH43)/SUM($K43:$EC43))*$G43 -> 0 | DI44: =(SUM(DI43:DO43)/SUM($K43:$EC43))*$G43 -> 0 | DP44: =(SUM(DP43:DV43)/SUM($K43:$EC43))*$G43 -> 0 | DW44: =(SUM(DW43:EC43)/SUM($K43:$EC43))*$G43 -> 0 | ED44: =(SUM(ED43:EJ43)/SUM($K43:$EC43))*$G43 -> 0 | EK44: =(SUM(EK43:EQ43)/SUM($K43:$EC43))*$G43 -> 0 | ER44: =+(ER43+ES43+ET43+EU43+EV43+EW43+EX43)*G43 -> 0 | EY44: =+(EY43+EZ43+FA43+FB43+FC43+FD43+FE43)*N43 -> 0 | FF44: =+(FF43+FG43+FH43+FI43+FJ43+FK43+FL43)*U43 -> 0 | FM44: =+(FM43+FN43+FO43+FP43+FQ43+FR43+FS43)*G43 -> 41533109 | FT44: 20766640 | GA44: =+(GA43+GB43+GC43+GD43+GE43+GF43+GG43)*AP43 -> 0
J45: E
B47: =+'BALANCE GENERAL'!D26 -> 1.14 | C47: =+'BALANCE GENERAL'!G26 -> Concreto Premezclado MR 41 - 4 pulgadas mantenimiento - 28 días CONSTRUCCION (incluye suministro, transporte, instalación de concreto)- (No incluye curado, cordón de espuma de polietileno, sellador de juntas, acero de barras pasajunta, barras de amarre ni acero canastilla) | D47: =+'BALANCE GENERAL'!H26 -> m3 | E47: 183.55 | F47: =+'BALANCE GENERAL'!J26 -> 845738 | G47: =ROUND(E47*F47,0) -> 155235210 | J47: P | BZ47: 1 | CA47: 1 | CB47: 1 | CC47: 1 | CD47: 1 | CE47: 1 | CF47: 1 | CG47: 1
K48: 0 | P48: 0 | V48: =(SUM(V47:AB47)/SUM($K47:$EC47))*$G47 -> 0 | AC48: =(SUM(AC47:AI47)/SUM($K47:$EC47))*$G47 -> 0 | AJ48: =(SUM(AJ47:AP47)/SUM($K47:$EC47))*$G47 -> 0 | AQ48: =(SUM(AQ47:AW47)/SUM($K47:$EC47))*$G47 -> 0 | AX48: =(SUM(AX47:BD47)/SUM($K47:$EC47))*$G47 -> 0 | BE48: =(SUM(BE47:BK47)/SUM($K47:$EC47))*$G47 -> 0 | BL48: =(SUM(BL47:BR47)/SUM($K47:$EC47))*$G47 -> 0 | BS48: =(SUM(BS47:BY47)/SUM($K47:$EC47))*$G47 -> 0 | BZ48: 1.3350315e+08 | CG48: =19071878.25+2660184.31-0.41 -> 21732062 | CN48: =(SUM(CN47:CT47)/SUM($K47:$EC47))*$G47 -> 0 | CU48: =(SUM(CU47:DA47)/SUM($K47:$EC47))*$G47 -> 0 | DB48: =(SUM(DB47:DH47)/SUM($K47:$EC47))*$G47 -> 0 | DI48: =(SUM(DI47:DO47)/SUM($K47:$EC47))*$G47 -> 0 | DP48: =(SUM(DP47:DV47)/SUM($K47:$EC47))*$G47 -> 0 | DW48: =(SUM(DW47:EC47)/SUM($K47:$EC47))*$G47 -> 0 | ED48: =(SUM(ED47:EJ47)/SUM($K47:$EC47))*$G47 -> 0 | EK48: =(SUM(EK47:EQ47)/SUM($K47:$EC47))*$G47 -> 0 | ER48: =+(ER47+ES47+ET47+EU47+EV47+EW47+EX47)*G47 -> 0 | EY48: =+(EY47+EZ47+FA47+FB47+FC47+FD47+FE47)*N47 -> 0 | FF48: =+(FF47+FG47+FH47+FI47+FJ47+FK47+FL47)*U47 -> 0 | FM48: =+(FM47+FN47+FO47+FP47+FQ47+FR47+FS47)*AB47 -> 0 | FT48: =+(FT47+FU47+FV47+FW47+FX47+FY47+FZ47)*AI47 -> 0 | GA48: =+(GA47+GB47+GC47+GD47+GE47+GF47+GG47)*AP47 -> 0
J49: E
B51: =+'BALANCE GENERAL'!D29 -> 1.17 | C51: =+'BALANCE GENERAL'!G29 -> Acero para dovelas, canastilla y barras de amarre (incluye corte y figurado e instalacion) | D51: =+'BALANCE GENERAL'!H29 -> kg | E51: 3128.65 | F51: =+'BALANCE GENERAL'!J29 -> 13710 | G51: =ROUND(E51*F51,0) -> 42893792 | J51: P | BU51: 1 | BV51: 1 | BW51: 1 | BX51: 1 | BY51: 1
K52: 0 | P52: 0 | V52: =(SUM(V51:AB51)/SUM($K51:$EC51))*$G51 -> 0 | AC52: =(SUM(AC51:AI51)/SUM($K51:$EC51))*$G51 -> 0 | AJ52: =(SUM(AJ51:AP51)/SUM($K51:$EC51))*$G51 -> 0 | AQ52: =(SUM(AQ51:AW51)/SUM($K51:$EC51))*$G51 -> 0 | AX52: =(SUM(AX51:BD51)/SUM($K51:$EC51))*$G51 -> 0 | BE52: =(SUM(BE51:BK51)/SUM($K51:$EC51))*$G51 -> 0 | BL52: =(SUM(BL51:BR51)/SUM($K51:$EC51))*$G51 -> 0 | BS52: =42893792-0.5+0.5 -> 42893792 | BZ52: =(SUM(BZ51:CF51)/SUM($K51:$EC51))*$G51 -> 0 | CG52: =(SUM(CG51:CM51)/SUM($K51:$EC51))*$G51 -> 0 | CN52: =(SUM(CN51:CT51)/SUM($K51:$EC51))*$G51 -> 0 | CU52: =(SUM(CU51:DA51)/SUM($K51:$EC51))*$G51 -> 0 | DB52: =(SUM(DB51:DH51)/SUM($K51:$EC51))*$G51 -> 0 | DI52: =(SUM(DI51:DO51)/SUM($K51:$EC51))*$G51 -> 0 | DP52: =(SUM(DP51:DV51)/SUM($K51:$EC51))*$G51 -> 0 | DW52: =(SUM(DW51:EC51)/SUM($K51:$EC51))*$G51 -> 0 | ED52: =(SUM(ED51:EJ51)/SUM($K51:$EC51))*$G51 -> 0 | EK52: =(SUM(EK51:EQ51)/SUM($K51:$EC51))*$G51 -> 0 | ER52: =+(ER51+ES51+ET51+EU51+EV51+EW51+EX51)*G51 -> 0 | EY52: =+(EY51+EZ51+FA51+FB51+FC51+FD51+FE51)*N51 -> 0 | FF52: =+(FF51+FG51+FH51+FI51+FJ51+FK51+FL51)*U51 -> 0 | FM52: =+(FM51+FN51+FO51+FP51+FQ51+FR51+FS51)*AB51 -> 0 | FT52: =+(FT51+FU51+FV51+FW51+FX51+FY51+FZ51)*AI51 -> 0 | GA52: =+(GA51+GB51+GC51+GD51+GE51+GF51+GG51)*AP51 -> 0
J53: E
B55: =+'BALANCE GENERAL'!D30 -> 1.18 | C55: =+'BALANCE GENERAL'!G30 -> Corte de juntas de dilatacion menor a 8 cm | D55: =+'BALANCE GENERAL'!H30 -> ml | E55: 534.25 | F55: =+'BALANCE GENERAL'!J30 -> 7154 | G55: =ROUND(E55*F55,0) -> 3822025 | J55: P | BZ55: 1 | CA55: 1 | CB55: 1 | CC55: 1 | CD55: 1 | CE55: 1 | CF55: 1 | CG55: 1
K56: 0 | P56: 0 | V56: =(SUM(V55:AB55)/SUM($K55:$EC55))*$G55 -> 0 | AC56: =(SUM(AC55:AI55)/SUM($K55:$EC55))*$G55 -> 0 | AJ56: =(SUM(AJ55:AP55)/SUM($K55:$EC55))*$G55 -> 0 | AQ56: =(SUM(AQ55:AW55)/SUM($K55:$EC55))*$G55 -> 0 | AX56: =(SUM(AX55:BD55)/SUM($K55:$EC55))*$G55 -> 0 | BE56: =(SUM(BE55:BK55)/SUM($K55:$EC55))*$G55 -> 0 | BL56: =(SUM(BL55:BR55)/SUM($K55:$EC55))*$G55 -> 0 | BS56: =(SUM(BS55:BY55)/SUM($K55:$EC55))*$G55 -> 0 | BZ56: 3344271.9 | CG56: =477753.13-0.51+0.5 -> 477753.12 | CN56: =(SUM(CN55:CT55)/SUM($K55:$EC55))*$G55 -> 0 | CU56: =(SUM(CU55:DA55)/SUM($K55:$EC55))*$G55 -> 0 | DB56: =(SUM(DB55:DH55)/SUM($K55:$EC55))*$G55 -> 0 | DI56: =(SUM(DI55:DO55)/SUM($K55:$EC55))*$G55 -> 0 | DP56: =(SUM(DP55:DV55)/SUM($K55:$EC55))*$G55 -> 0 | DW56: =(SUM(DW55:EC55)/SUM($K55:$EC55))*$G55 -> 0 | ED56: =(SUM(ED55:EJ55)/SUM($K55:$EC55))*$G55 -> 0 | EK56: =(SUM(EK55:EQ55)/SUM($K55:$EC55))*$G55 -> 0 | ER56: =+(ER55+ES55+ET55+EU55+EV55+EW55+EX55)*G55 -> 0 | EY56: =+(EY55+EZ55+FA55+FB55+FC55+FD55+FE55)*N55 -> 0 | FF56: =+(FF55+FG55+FH55+FI55+FJ55+FK55+FL55)*U55 -> 0 | FM56: =+(FM55+FN55+FO55+FP55+FQ55+FR55+FS55)*AB55 -> 0 | FT56: =+(FT55+FU55+FV55+FW55+FX55+FY55+FZ55)*AI55 -> 0 | GA56: =+(GA55+GB55+GC55+GD55+GE55+GF55+GG55)*AP55 -> 0
J57: E
B59: =+'BALANCE GENERAL'!D31 -> 1.19 | C59: =+'BALANCE GENERAL'!G31 -> Suministro y aplicación de aditivo para curado de concreto | D59: =+'BALANCE GENERAL'!H31 -> m2 | E59: 990.71 | F59: =+'BALANCE GENERAL'!J31 -> 6284 | G59: =ROUND(E59*F59,0) -> 6225622 | J59: P | BZ59: 1 | CA59: 1 | CB59: 1 | CC59: 1 | CD59: 1 | CE59: 1 | CF59: 1 | CG59: 1
K60: 0 | P60: 0 | V60: =(SUM(V59:AB59)/SUM($K59:$EC59))*$G59 -> 0 | AC60: =(SUM(AC59:AI59)/SUM($K59:$EC59))*$G59 -> 0 | AJ60: =(SUM(AJ59:AP59)/SUM($K59:$EC59))*$G59 -> 0 | AQ60: =(SUM(AQ59:AW59)/SUM($K59:$EC59))*$G59 -> 0 | AX60: =(SUM(AX59:BD59)/SUM($K59:$EC59))*$G59 -> 0 | BE60: =(SUM(BE59:BK59)/SUM($K59:$EC59))*$G59 -> 0 | BL60: =(SUM(BL59:BR59)/SUM($K59:$EC59))*$G59 -> 0 | BS60: =(SUM(BS59:BY59)/SUM($K59:$EC59))*$G59 -> 0 | BZ60: 5523683.4 | CG60: =789097.63-87159.08-0.29 -> 701938.26 | CN60: =(SUM(CN59:CT59)/SUM($K59:$EC59))*$G59 -> 0 | CU60: =(SUM(CU59:DA59)/SUM($K59:$EC59))*$G59 -> 0 | DB60: =(SUM(DB59:DH59)/SUM($K59:$EC59))*$G59 -> 0 | DI60: =(SUM(DI59:DO59)/SUM($K59:$EC59))*$G59 -> 0 | DP60: =(SUM(DP59:DV59)/SUM($K59:$EC59))*$G59 -> 0 | DW60: =(SUM(DW59:EC59)/SUM($K59:$EC59))*$G59 -> 0 | ED60: =(SUM(ED59:EJ59)/SUM($K59:$EC59))*$G59 -> 0 | EK60: =(SUM(EK59:EQ59)/SUM($K59:$EC59))*$G59 -> 0 | ER60: =+(ER59+ES59+ET59+EU59+EV59+EW59+EX59)*G59 -> 0 | EY60: =+(EY59+EZ59+FA59+FB59+FC59+FD59+FE59)*N59 -> 0 | FF60: =+(FF59+FG59+FH59+FI59+FJ59+FK59+FL59)*U59 -> 0 | FM60: =+(FM59+FN59+FO59+FP59+FQ59+FR59+FS59)*AB59 -> 0 | FT60: =+(FT59+FU59+FV59+FW59+FX59+FY59+FZ59)*AI59 -> 0 | GA60: =+(GA59+GB59+GC59+GD59+GE59+GF59+GG59)*AP59 -> 0
J61: E
B63: =+'BALANCE GENERAL'!D32 -> 1.2 | C63: =+'BALANCE GENERAL'!G32 -> Cordón de espuma de polietileno y sellado de juntas de dilatacion | D63: =+'BALANCE GENERAL'!H32 -> ml | E63: 534.25 | F63: =+'BALANCE GENERAL'!J32 -> 14928 | G63: =ROUND(E63*F63,0) -> 7975284 | J63: P | BZ63: 1 | CA63: 1 | CB63: 1 | CC63: 1 | CD63: 1 | CE63: 1 | CF63: 1 | CG63: 1
K64: 0 | P64: 0 | V64: =(SUM(V63:AB63)/SUM($K63:$EC63))*$G63 -> 0 | AC64: =(SUM(AC63:AI63)/SUM($K63:$EC63))*$G63 -> 0 | AJ64: =(SUM(AJ63:AP63)/SUM($K63:$EC63))*$G63 -> 0 | AQ64: =(SUM(AQ63:AW63)/SUM($K63:$EC63))*$G63 -> 0 | AX64: =(SUM(AX63:BD63)/SUM($K63:$EC63))*$G63 -> 0 | BE64: =(SUM(BE63:BK63)/SUM($K63:$EC63))*$G63 -> 0 | BL64: =(SUM(BL63:BR63)/SUM($K63:$EC63))*$G63 -> 0 | BS64: =(SUM(BS63:BY63)/SUM($K63:$EC63))*$G63 -> 0 | BZ64: 6978373.5 | CG64: 996910.5 | CN64: =(SUM(CN63:CT63)/SUM($K63:$EC63))*$G63 -> 0 | CU64: =(SUM(CU63:DA63)/SUM($K63:$EC63))*$G63 -> 0 | DB64: =(SUM(DB63:DH63)/SUM($K63:$EC63))*$G63 -> 0 | DI64: =(SUM(DI63:DO63)/SUM($K63:$EC63))*$G63 -> 0 | DP64: =(SUM(DP63:DV63)/SUM($K63:$EC63))*$G63 -> 0 | DW64: =(SUM(DW63:EC63)/SUM($K63:$EC63))*$G63 -> 0 | ED64: =(SUM(ED63:EJ63)/SUM($K63:$EC63))*$G63 -> 0 | EK64: =(SUM(EK63:EQ63)/SUM($K63:$EC63))*$G63 -> 0 | ER64: =+(ER63+ES63+ET63+EU63+EV63+EW63+EX63)*G63 -> 0 | EY64: =+(EY63+EZ63+FA63+FB63+FC63+FD63+FE63)*N63 -> 0 | FF64: =+(FF63+FG63+FH63+FI63+FJ63+FK63+FL63)*U63 -> 0 | FM64: =+(FM63+FN63+FO63+FP63+FQ63+FR63+FS63)*AB63 -> 0 | FT64: =+(FT63+FU63+FV63+FW63+FX63+FY63+FZ63)*AI63 -> 0 | GA64: =+(GA63+GB63+GC63+GD63+GE63+GF63+GG63)*AP63 -> 0
J65: E
B67: =+'BALANCE GENERAL'!D33 -> 1.21 | C67: =+'BALANCE GENERAL'!G33 -> Retiro de sobrantes a sitio final de disposición (para cargue mecánico) aplica para distancias menores a 15 km | D67: =+'BALANCE GENERAL'!H33 -> m3 | E67: 2835.04 | F67: =+'BALANCE GENERAL'!J33 -> 43333 | G67: =ROUND(E67*F67,0) -> 122850788 | J67: P | AY67: 1 | AZ67: 1 | BA67: 1 | BB67: 1 | BC67: 1 | BD67: 1 | BE67: 1 | BF67: 1 | BG67: 1 | CH67: 1 | CI67: 1 | CJ67: 1 | CK67: 1 | CL67: 1 | CM67: 1
K68: 0 | P68: 0 | V68: =(SUM(V67:AB67)/SUM($K67:$EC67))*$G67 -> 0 | AC68: =(SUM(AC67:AI67)/SUM($K67:$EC67))*$G67 -> 0 | AJ68: =(SUM(AJ67:AP67)/SUM($K67:$EC67))*$G67 -> 0 | AQ68: =(SUM(AQ67:AW67)/SUM($K67:$EC67))*$G67 -> 0 | AX68: 30735393 | BE68: 15367697 | BL68: =(SUM(BL67:BR67)/SUM($K67:$EC67))*$G67 -> 0 | BS68: =(SUM(BS67:BY67)/SUM($K67:$EC67))*$G67 -> 0 | BZ68: =(SUM(BZ67:CF67)/SUM($K67:$EC67))*$G67 -> 0 | CG68: 30735393 | CN68: =(SUM(CN67:CT67)/SUM($K67:$EC67))*$G67 -> 0 | CU68: =(SUM(CU67:DA67)/SUM($K67:$EC67))*$G67 -> 0 | DB68: =(SUM(DB67:DH67)/SUM($K67:$EC67))*$G67 -> 0 | DI68: =(SUM(DI67:DO67)/SUM($K67:$EC67))*$G67 -> 0 | DP68: =(SUM(DP67:DV67)/SUM($K67:$EC67))*$G67 -> 0 | DW68: =(SUM(DW67:EC67)/SUM($K67:$EC67))*$G67 -> 0 | ED68: =(SUM(ED67:EJ67)/SUM($K67:$EC67))*$G67 -> 0 | EK68: =(SUM(EK67:EQ67)/SUM($K67:$EC67))*$G67 -> 0 | ER68: =+(ER67+ES67+ET67+EU67+EV67+EW67+EX67)*G67 -> 0 | EY68: =+(EY67+EZ67+FA67+FB67+FC67+FD67+FE67)*N67 -> 0 | FF68: =+(FF67+FG67+FH67+FI67+FJ67+FK67+FL67)*U67 -> 0 | FM68: =+(FM67+FN67+FO67+FP67+FQ67+FR67+FS67)*AB67 -> 0 | FT68: 46012305 | GA68: =+(GA67+GB67+GC67+GD67+GE67+GF67+GG67)*AP67 -> 0
J69: E
B71: =+'BALANCE GENERAL'!D35 -> 1.23 | C71: =+'BALANCE GENERAL'!G35 -> Generación y disposición de sobrantes | D71: =+'BALANCE GENERAL'!H35 -> m3 | E71: 2835.04 | F71: =+'BALANCE GENERAL'!J35 -> 19773 | G71: =ROUND(E71*F71,0) -> 56057246 | J71: P | AY71: 1 | AZ71: 1 | BA71: 1 | BB71: 1 | BC71: 1 | BD71: 1 | BE71: 1 | BF71: 1 | BG71: 1 | CH71: 1 | CI71: 1 | CJ71: 1 | CK71: 1 | CL71: 1 | CM71: 1
K72: 0 | P72: 0 | V72: =(SUM(V71:AB71)/SUM($K71:$EC71))*$G71 -> 0 | AC72: =(SUM(AC71:AI71)/SUM($K71:$EC71))*$G71 -> 0 | AJ72: =(SUM(AJ71:AP71)/SUM($K71:$EC71))*$G71 -> 0 | AQ72: =(SUM(AQ71:AW71)/SUM($K71:$EC71))*$G71 -> 0 | AX72: 14024668 | BE72: 7012334 | BL72: =(SUM(BL71:BR71)/SUM($K71:$EC71))*$G71 -> 0 | BS72: =(SUM(BS71:BY71)/SUM($K71:$EC71))*$G71 -> 0 | BZ72: =(SUM(BZ71:CF71)/SUM($K71:$EC71))*$G71 -> 0 | CG72: 14024668 | CN72: =(SUM(CN71:CT71)/SUM($K71:$EC71))*$G71 -> 0 | CU72: =(SUM(CU71:DA71)/SUM($K71:$EC71))*$G71 -> 0 | DB72: =(SUM(DB71:DH71)/SUM($K71:$EC71))*$G71 -> 0 | DI72: =(SUM(DI71:DO71)/SUM($K71:$EC71))*$G71 -> 0 | DP72: =(SUM(DP71:DV71)/SUM($K71:$EC71))*$G71 -> 0 | DW72: =(SUM(DW71:EC71)/SUM($K71:$EC71))*$G71 -> 0 | ED72: =(SUM(ED71:EJ71)/SUM($K71:$EC71))*$G71 -> 0 | EK72: =(SUM(EK71:EQ71)/SUM($K71:$EC71))*$G71 -> 0 | ER72: =+(ER71+ES71+ET71+EU71+EV71+EW71+EX71)*G71 -> 0 | EY72: =+(EY71+EZ71+FA71+FB71+FC71+FD71+FE71)*N71 -> 0 | FF72: =+(FF71+FG71+FH71+FI71+FJ71+FK71+FL71)*U71 -> 0 | FM72: =+(FM71+FN71+FO71+FP71+FQ71+FR71+FS71)*AB71 -> 0 | FT72: 20995576 | GA72: =+(GA71+GB71+GC71+GD71+GE71+GF71+GG71)*AP71 -> 0
J73: E
B75: =+'BALANCE GENERAL'!D37 -> 2.01 | C75: =+'BALANCE GENERAL'!G37 -> Excavación manual para BACHEO Y PARCHEO | D75: =+'BALANCE GENERAL'!H37 -> m3 | E75: 205.93 | F75: =+'BALANCE GENERAL'!J37 -> 83355 | G75: =ROUND(E75*F75,0) -> 17165295 | J75: P | AE75: 1 | AF75: 1 | AG75: 1 | AH75: 1
K76: 0 | P76: 0 | V76: =(SUM(V75:AB75)/SUM($K75:$EC75))*$G75 -> 0 | AC76: =17165295+0.15 -> 17165295 | AJ76: =(SUM(AJ75:AP75)/SUM($K75:$EC75))*$G75 -> 0 | AQ76: =(SUM(AQ75:AW75)/SUM($K75:$EC75))*$G75 -> 0 | AX76: =(SUM(AX75:BD75)/SUM($K75:$EC75))*$G75 -> 0 | BE76: =(SUM(BE75:BK75)/SUM($K75:$EC75))*$G75 -> 0 | BL76: =(SUM(BL75:BR75)/SUM($K75:$EC75))*$G75 -> 0 | BS76: =(SUM(BS75:BY75)/SUM($K75:$EC75))*$G75 -> 0 | BZ76: =(SUM(BZ75:CF75)/SUM($K75:$EC75))*$G75 -> 0 | CG76: =(SUM(CG75:CM75)/SUM($K75:$EC75))*$G75 -> 0 | CN76: =(SUM(CN75:CT75)/SUM($K75:$EC75))*$G75 -> 0 | CU76: =(SUM(CU75:DA75)/SUM($K75:$EC75))*$G75 -> 0 | DB76: =(SUM(DB75:DH75)/SUM($K75:$EC75))*$G75 -> 0 | DI76: =(SUM(DI75:DO75)/SUM($K75:$EC75))*$G75 -> 0 | DP76: =(SUM(DP75:DV75)/SUM($K75:$EC75))*$G75 -> 0 | DW76: =(SUM(DW75:EC75)/SUM($K75:$EC75))*$G75 -> 0 | ED76: =(SUM(ED75:EJ75)/SUM($K75:$EC75))*$G75 -> 0 | EK76: =(SUM(EK75:EQ75)/SUM($K75:$EC75))*$G75 -> 0 | ER76: =+(ER75+ES75+ET75+EU75+EV75+EW75+EX75)*G75 -> 0 | EY76: =+(EY75+EZ75+FA75+FB75+FC75+FD75+FE75)*N75 -> 0 | FF76: =+(FF75+FG75+FH75+FI75+FJ75+FK75+FL75)*U75 -> 0 | FM76: =+(FM75+FN75+FO75+FP75+FQ75+FR75+FS75)*AB75 -> 0 | FT76: =+(FT75+FU75+FV75+FW75+FX75+FY75+FZ75)*AI75 -> 0 | GA76: =+(GA75+GB75+GC75+GD75+GE75+GF75+GG75)*AP75 -> 0
J77: E
B79: =+'BALANCE GENERAL'!D38 -> 2.02 | C79: =+'BALANCE GENERAL'!G38 -> Base granular BACHEO Y PARCHEO (incluye Suministro, Extendido, Nivelación y Compactación con Vibrocompactador manual, incluye transporte al sitio) | D79: =+'BALANCE GENERAL'!H38 -> m3 | E79: 21 | F79: =+'BALANCE GENERAL'!J38 -> 157349 | G79: =ROUND(E79*F79,0) -> 3304329 | J79: P | AF79: 1 | AG79: 1 | AH79: 1
K80: 0 | P80: 0 | V80: =(SUM(V79:AB79)/SUM($K79:$EC79))*$G79 -> 0 | AC80: 3304329 | AJ80: =(SUM(AJ79:AP79)/SUM($K79:$EC79))*$G79 -> 0 | AQ80: =(SUM(AQ79:AW79)/SUM($K79:$EC79))*$G79 -> 0 | AX80: =(SUM(AX79:BD79)/SUM($K79:$EC79))*$G79 -> 0 | BE80: =(SUM(BE79:BK79)/SUM($K79:$EC79))*$G79 -> 0 | BL80: =(SUM(BL79:BR79)/SUM($K79:$EC79))*$G79 -> 0 | BS80: =(SUM(BS79:BY79)/SUM($K79:$EC79))*$G79 -> 0 | BZ80: =(SUM(BZ79:CF79)/SUM($K79:$EC79))*$G79 -> 0 | CG80: =(SUM(CG79:CM79)/SUM($K79:$EC79))*$G79 -> 0 | CN80: =(SUM(CN79:CT79)/SUM($K79:$EC79))*$G79 -> 0 | CU80: =(SUM(CU79:DA79)/SUM($K79:$EC79))*$G79 -> 0 | DB80: =(SUM(DB79:DH79)/SUM($K79:$EC79))*$G79 -> 0 | DI80: =(SUM(DI79:DO79)/SUM($K79:$EC79))*$G79 -> 0 | DP80: =(SUM(DP79:DV79)/SUM($K79:$EC79))*$G79 -> 0 | DW80: =(SUM(DW79:EC79)/SUM($K79:$EC79))*$G79 -> 0 | ED80: =(SUM(ED79:EJ79)/SUM($K79:$EC79))*$G79 -> 0 | EK80: =(SUM(EK79:EQ79)/SUM($K79:$EC79))*$G79 -> 0 | ER80: =+(ER79+ES79+ET79+EU79+EV79+EW79+EX79)*G79 -> 0 | EY80: =+(EY79+EZ79+FA79+FB79+FC79+FD79+FE79)*N79 -> 0 | FF80: =+(FF79+FG79+FH79+FI79+FJ79+FK79+FL79)*U79 -> 0 | FM80: =+(FM79+FN79+FO79+FP79+FQ79+FR79+FS79)*AB79 -> 0 | FT80: =+(FT79+FU79+FV79+FW79+FX79+FY79+FZ79)*AI79 -> 0 | GA80: =+(GA79+GB79+GC79+GD79+GE79+GF79+GG79)*AP79 -> 0
J81: E
B83: =+'BALANCE GENERAL'!D39 -> 2.04 | C83: =+'BALANCE GENERAL'!G39 -> Riego de imprimación con emulsión asfáltica CRL-1 PARA BACHEO (Incluye suministro y aplicación) | D83: =+'BALANCE GENERAL'!H39 -> m2 | E83: 209.96 | F83: =+'BALANCE GENERAL'!J39 -> 5299 | G83: =ROUND(E83*F83,0) -> 1112578 | J83: P | AI83: 1
K84: 0 | P84: 0 | V84: =(SUM(V83:AB83)/SUM($K83:$EC83))*$G83 -> 0 | AC84: =1112578+0.04 -> 1112578 | AJ84: =(SUM(AJ83:AP83)/SUM($K83:$EC83))*$G83 -> 0 | AQ84: =(SUM(AQ83:AW83)/SUM($K83:$EC83))*$G83 -> 0 | AX84: =(SUM(AX83:BD83)/SUM($K83:$EC83))*$G83 -> 0 | BE84: =(SUM(BE83:BK83)/SUM($K83:$EC83))*$G83 -> 0 | BL84: =(SUM(BL83:BR83)/SUM($K83:$EC83))*$G83 -> 0 | BS84: =(SUM(BS83:BY83)/SUM($K83:$EC83))*$G83 -> 0 | BZ84: =(SUM(BZ83:CF83)/SUM($K83:$EC83))*$G83 -> 0 | CG84: =(SUM(CG83:CM83)/SUM($K83:$EC83))*$G83 -> 0 | CN84: =(SUM(CN83:CT83)/SUM($K83:$EC83))*$G83 -> 0 | CU84: =(SUM(CU83:DA83)/SUM($K83:$EC83))*$G83 -> 0 | DB84: =(SUM(DB83:DH83)/SUM($K83:$EC83))*$G83 -> 0 | DI84: =(SUM(DI83:DO83)/SUM($K83:$EC83))*$G83 -> 0 | DP84: =(SUM(DP83:DV83)/SUM($K83:$EC83))*$G83 -> 0 | DW84: =(SUM(DW83:EC83)/SUM($K83:$EC83))*$G83 -> 0 | ED84: =(SUM(ED83:EJ83)/SUM($K83:$EC83))*$G83 -> 0 | EK84: =(SUM(EK83:EQ83)/SUM($K83:$EC83))*$G83 -> 0 | ER84: =+(ER83+ES83+ET83+EU83+EV83+EW83+EX83)*G83 -> 0 | EY84: =+(EY83+EZ83+FA83+FB83+FC83+FD83+FE83)*N83 -> 0 | FF84: =+(FF83+FG83+FH83+FI83+FJ83+FK83+FL83)*U83 -> 0 | FM84: =+(FM83+FN83+FO83+FP83+FQ83+FR83+FS83)*AB83 -> 0 | FT84: =+(FT83+FU83+FV83+FW83+FX83+FY83+FZ83)*AI83 -> 0 | GA84: =+(GA83+GB83+GC83+GD83+GE83+GF83+GG83)*AP83 -> 0
J85: E
B87: =+'BALANCE GENERAL'!D40 -> 2.05 | C87: =+'BALANCE GENERAL'!G40 -> MEZCLA ASFÁLTICA EN CALIENTE TIPO MDC-19 PARA BACHEO (Incluye Suministro, extendido, nivelación y compactación CON VIBROCOMPACTADOR DE 3 TON, incluye transporte del material) | D87: =+'BALANCE GENERAL'!H40 -> m3 | E87: 21 | F87: =+'BALANCE GENERAL'!J40 -> 1407838 | G87: =ROUND(E87*F87,0) -> 29564598 | J87: P | AI87: 1
K88: 0 | P88: 0 | V88: =(SUM(V87:AB87)/SUM($K87:$EC87))*$G87 -> 0 | AC88: 29564598 | AJ88: =(SUM(AJ87:AP87)/SUM($K87:$EC87))*$G87 -> 0 | AQ88: =(SUM(AQ87:AW87)/SUM($K87:$EC87))*$G87 -> 0 | AX88: =(SUM(AX87:BD87)/SUM($K87:$EC87))*$G87 -> 0 | BE88: =(SUM(BE87:BK87)/SUM($K87:$EC87))*$G87 -> 0 | BL88: =(SUM(BL87:BR87)/SUM($K87:$EC87))*$G87 -> 0 | BS88: =(SUM(BS87:BY87)/SUM($K87:$EC87))*$G87 -> 0 | BZ88: =(SUM(BZ87:CF87)/SUM($K87:$EC87))*$G87 -> 0 | CG88: =(SUM(CG87:CM87)/SUM($K87:$EC87))*$G87 -> 0 | CN88: =(SUM(CN87:CT87)/SUM($K87:$EC87))*$G87 -> 0 | CU88: =(SUM(CU87:DA87)/SUM($K87:$EC87))*$G87 -> 0 | DB88: =(SUM(DB87:DH87)/SUM($K87:$EC87))*$G87 -> 0 | DI88: =(SUM(DI87:DO87)/SUM($K87:$EC87))*$G87 -> 0 | DP88: =(SUM(DP87:DV87)/SUM($K87:$EC87))*$G87 -> 0 | DW88: =(SUM(DW87:EC87)/SUM($K87:$EC87))*$G87 -> 0 | ED88: =(SUM(ED87:EJ87)/SUM($K87:$EC87))*$G87 -> 0 | EK88: =(SUM(EK87:EQ87)/SUM($K87:$EC87))*$G87 -> 0 | ER88: =+(ER87+ES87+ET87+EU87+EV87+EW87+EX87)*G87 -> 0 | EY88: =+(EY87+EZ87+FA87+FB87+FC87+FD87+FE87)*N87 -> 0 | FF88: =+(FF87+FG87+FH87+FI87+FJ87+FK87+FL87)*U87 -> 0 | FM88: =+(FM87+FN87+FO87+FP87+FQ87+FR87+FS87)*AB87 -> 0 | FT88: =+(FT87+FU87+FV87+FW87+FX87+FY87+FZ87)*AI87 -> 0 | GA88: =+(GA87+GB87+GC87+GD87+GE87+GF87+GG87)*AP87 -> 0
J89: E
B91: 2.06 | C91: PARCHEO TEMPORAL DE EMERGENCIA CON MDC-19 (Incluye Suministro, Extendido, Nivelación, compactación y transporte del material, personal e insumos. Emergencias Menores a 7 M2) | D91: =+'BALANCE GENERAL'!H44 -> m3 | E91: 12 | F91: 1584817 | G91: =ROUND(E91*F91,0) -> 19017804 | J91: P
K92: 0 | P92: 0 | ER92: =+(ER91+ES91+ET91+EU91+EV91+EW91+EX91)*G91 -> 0 | EY92: 19017804 | FF92: =+(FF91+FG91+FH91+FI91+FJ91+FK91+FL91)*U91 -> 0 | FM92: =+(FM91+FN91+FO91+FP91+FQ91+FR91+FS91)*AB91 -> 0 | FT92: =+(FT91+FU91+FV91+FW91+FX91+FY91+FZ91)*AI91 -> 0 | GA92: =+(GA91+GB91+GC91+GD91+GE91+GF91+GG91)*AP91 -> 0
J93: E
B95: =+'BALANCE GENERAL'!D49 -> 2.14 | C95: =+'BALANCE GENERAL'!G49 -> Retiro de sobrantes a sitio final de disposición (para cargue mecánico) aplica para distancias menores a 15 km | D95: =+'BALANCE GENERAL'!H44 -> m3 | E95: 54.59 | F95: =+'BALANCE GENERAL'!J49 -> 43333 | G95: =ROUND(E95*F95,0) -> 2365548 | J95: P | AI95: 1
K96: 0 | P96: 0 | V96: =(SUM(V95:AB95)/SUM($K95:$EC95))*$G95 -> 0 | AC96: =2365548+0.47 -> 2365548.5 | AJ96: =(SUM(AJ95:AP95)/SUM($K95:$EC95))*$G95 -> 0 | AQ96: =(SUM(AQ95:AW95)/SUM($K95:$EC95))*$G95 -> 0 | AX96: =(SUM(AX95:BD95)/SUM($K95:$EC95))*$G95 -> 0 | BE96: =(SUM(BE95:BK95)/SUM($K95:$EC95))*$G95 -> 0 | BL96: =(SUM(BL95:BR95)/SUM($K95:$EC95))*$G95 -> 0 | BS96: =(SUM(BS95:BY95)/SUM($K95:$EC95))*$G95 -> 0 | BZ96: =(SUM(BZ95:CF95)/SUM($K95:$EC95))*$G95 -> 0 | CG96: =(SUM(CG95:CM95)/SUM($K95:$EC95))*$G95 -> 0 | CN96: =(SUM(CN95:CT95)/SUM($K95:$EC95))*$G95 -> 0 | CU96: =(SUM(CU95:DA95)/SUM($K95:$EC95))*$G95 -> 0 | DB96: =(SUM(DB95:DH95)/SUM($K95:$EC95))*$G95 -> 0 | DI96: =(SUM(DI95:DO95)/SUM($K95:$EC95))*$G95 -> 0 | DP96: =(SUM(DP95:DV95)/SUM($K95:$EC95))*$G95 -> 0 | DW96: =(SUM(DW95:EC95)/SUM($K95:$EC95))*$G95 -> 0 | ED96: =(SUM(ED95:EJ95)/SUM($K95:$EC95))*$G95 -> 0 | EK96: =(SUM(EK95:EQ95)/SUM($K95:$EC95))*$G95 -> 0 | ER96: =+(ER95+ES95+ET95+EU95+EV95+EW95+EX95)*G95 -> 0 | EY96: =+(EY95+EZ95+FA95+FB95+FC95+FD95+FE95)*N95 -> 0 | FF96: =+(FF95+FG95+FH95+FI95+FJ95+FK95+FL95)*U95 -> 0 | FM96: =+(FM95+FN95+FO95+FP95+FQ95+FR95+FS95)*AB95 -> 0 | FT96: =+(FT95+FU95+FV95+FW95+FX95+FY95+FZ95)*AI95 -> 0 | GA96: =+(GA95+GB95+GC95+GD95+GE95+GF95+GG95)*AP95 -> 0
J97: E
B99: =+'BALANCE GENERAL'!D58 -> 2.23 | C99: =+'BALANCE GENERAL'!G58 -> Generación y disposición de sobrantes | D99: =+'BALANCE GENERAL'!H58 -> m3 | E99: 54.59 | F99: =+'BALANCE GENERAL'!J58 -> 19773 | G99: =ROUND(E99*F99,0) -> 1079408 | J99: P | AI99: 1
K100: 0 | P100: 0 | V100: =(SUM(V99:AB99)/SUM($K99:$EC99))*$G99 -> 0 | AC100: =1079408+0.07 -> 1079408.1 | AJ100: =(SUM(AJ99:AP99)/SUM($K99:$EC99))*$G99 -> 0 | AQ100: =(SUM(AQ99:AW99)/SUM($K99:$EC99))*$G99 -> 0 | AX100: =(SUM(AX99:BD99)/SUM($K99:$EC99))*$G99 -> 0 | BE100: =(SUM(BE99:BK99)/SUM($K99:$EC99))*$G99 -> 0 | BL100: =(SUM(BL99:BR99)/SUM($K99:$EC99))*$G99 -> 0 | BS100: =(SUM(BS99:BY99)/SUM($K99:$EC99))*$G99 -> 0 | BZ100: =(SUM(BZ99:CF99)/SUM($K99:$EC99))*$G99 -> 0 | CG100: =(SUM(CG99:CM99)/SUM($K99:$EC99))*$G99 -> 0 | CN100: =(SUM(CN99:CT99)/SUM($K99:$EC99))*$G99 -> 0 | CU100: =(SUM(CU99:DA99)/SUM($K99:$EC99))*$G99 -> 0 | DB100: =(SUM(DB99:DH99)/SUM($K99:$EC99))*$G99 -> 0 | DI100: =(SUM(DI99:DO99)/SUM($K99:$EC99))*$G99 -> 0 | DP100: =(SUM(DP99:DV99)/SUM($K99:$EC99))*$G99 -> 0 | DW100: =(SUM(DW99:EC99)/SUM($K99:$EC99))*$G99 -> 0 | ED100: =(SUM(ED99:EJ99)/SUM($K99:$EC99))*$G99 -> 0 | EK100: =(SUM(EK99:EQ99)/SUM($K99:$EC99))*$G99 -> 0 | ER100: =+(ER99+ES99+ET99+EU99+EV99+EW99+EX99)*G99 -> 0 | EY100: =+(EY99+EZ99+FA99+FB99+FC99+FD99+FE99)*N99 -> 0 | FF100: =+(FF99+FG99+FH99+FI99+FJ99+FK99+FL99)*U99 -> 0 | FM100: =+(FM99+FN99+FO99+FP99+FQ99+FR99+FS99)*AB99 -> 0 | FT100: =+(FT99+FU99+FV99+FW99+FX99+FY99+FZ99)*AI99 -> 0 | GA100: =+(GA99+GB99+GC99+GD99+GE99+GF99+GG99)*AP99 -> 0
J101: E
B103: =+'BALANCE GENERAL'!D60 -> 3.01 | C103: =+'BALANCE GENERAL'!G60 -> Anden de concreto de 3000 psi h=10 cm (incluye malla electrosoldada de 5mm) | D103: =+'BALANCE GENERAL'!H60 -> m2 | E103: 462.14 | F103: =+'BALANCE GENERAL'!J60 -> 118882 | G103: =ROUND(E103*F103,0) -> 54940127 | J103: P | DP103: 1 | DQ103: 1 | DR103: 1 | DS103: 1 | DT103: 1 | DU103: 1 | DV103: 1 | DW103: 1 | DX103: 1 | DY103: 1 | DZ103: 1 | EC103: 1 | ED103: 1 | EE103: 1 | EF103: 1 | EG103: 1 | EH103: 1 | EI103: 1 | EJ103: 1 | EK103: 1 | EL103: 1 | EM103: 1 | EN103: 1 | EO103: 1
K104: 0 | P104: 0 | V104: =(SUM(V103:AB103)/SUM($K103:$EC103))*$G103 -> 0 | AC104: =(SUM(AC103:AI103)/SUM($K103:$EC103))*$G103 -> 0 | AJ104: =(SUM(AJ103:AP103)/SUM($K103:$EC103))*$G103 -> 0 | AQ104: =(SUM(AQ103:AW103)/SUM($K103:$EC103))*$G103 -> 0 | AX104: =(SUM(AX103:BD103)/SUM($K103:$EC103))*$G103 -> 0 | BE104: =(SUM(BE103:BK103)/SUM($K103:$EC103))*$G103 -> 0 | BL104: =(SUM(BL103:BR103)/SUM($K103:$EC103))*$G103 -> 0 | BS104: =(SUM(BS103:BY103)/SUM($K103:$EC103))*$G103 -> 0 | BZ104: =(SUM(BZ103:CF103)/SUM($K103:$EC103))*$G103 -> 0 | CG104: =(SUM(CG103:CM103)/SUM($K103:$EC103))*$G103 -> 0 | CN104: =(SUM(CN103:CT103)/SUM($K103:$EC103))*$G103 -> 0 | CU104: =(SUM(CU103:DA103)/SUM($K103:$EC103))*$G103 -> 0 | DB104: =(SUM(DB103:DH103)/SUM($K103:$EC103))*$G103 -> 0 | DI104: =(SUM(DI103:DO103)/SUM($K103:$EC103))*$G103 -> 0 | DP104: =14849104.96+1000000 -> 15849105 | DW104: =10606503.54+1000000 -> 11606504 | ED104: =14849104.96+1000000-17 -> 15849088 | EK104: =10606503.54+1028918.98+8.5 -> 11635431 | ER104: =+(ER103+ES103+ET103+EU103+EV103+EW103+EX103)*G103 -> 0 | EY104: =+(EY103+EZ103+FA103+FB103+FC103+FD103+FE103)*N103 -> 0 | FF104: =+(FF103+FG103+FH103+FI103+FJ103+FK103+FL103)*U103 -> 0 | FM104: =+(FM103+FN103+FO103+FP103+FQ103+FR103+FS103)*AB103 -> 0 | FT104: =+(FT103+FU103+FV103+FW103+FX103+FY103+FZ103)*AI103 -> 0 | GA104: =+(GA103+GB103+GC103+GD103+GE103+GF103+GG103)*AP103 -> 0
J105: E
B107: =+'BALANCE GENERAL'!D61 -> 3.02 | C107: =+'BALANCE GENERAL'!G61 -> Base granular para ANDENES (incluye Suministro, Extendido, Nivelación y Compactación con Vibrocompactador manual, incluye transporte) | D107: =+'BALANCE GENERAL'!H61 -> m3 | E107: 45.2 | F107: =+'BALANCE GENERAL'!J61 -> 161265 | G107: =ROUND(E107*F107,0) -> 7289178 | J107: P | CN107: 1 | CO107: 1 | CP107: 1 | CQ107: 1 | CR107: 1 | CS107: 1 | CT107: 1
K108: 0 | P108: 0 | V108: =(SUM(V107:AB107)/SUM($K107:$EC107))*$G107 -> 0 | AC108: =(SUM(AC107:AI107)/SUM($K107:$EC107))*$G107 -> 0 | AJ108: =(SUM(AJ107:AP107)/SUM($K107:$EC107))*$G107 -> 0 | AQ108: =(SUM(AQ107:AW107)/SUM($K107:$EC107))*$G107 -> 0 | AX108: =(SUM(AX107:BD107)/SUM($K107:$EC107))*$G107 -> 0 | BE108: =(SUM(BE107:BK107)/SUM($K107:$EC107))*$G107 -> 0 | BL108: =(SUM(BL107:BR107)/SUM($K107:$EC107))*$G107 -> 0 | BS108: =(SUM(BS107:BY107)/SUM($K107:$EC107))*$G107 -> 0 | BZ108: =(SUM(BZ107:CF107)/SUM($K107:$EC107))*$G107 -> 0 | CG108: =(SUM(CG107:CM107)/SUM($K107:$EC107))*$G107 -> 0 | CN108: =6671211+617967.48-0.48 -> 7289178 | CU108: =(SUM(CU107:DA107)/SUM($K107:$EQ107))*$G107 -> 0 | DB108: =(SUM(DB107:DH107)/SUM($K107:$EQ107))*$G107 -> 0 | DI108: =(SUM(DI107:DO107)/SUM($K107:$EQ107))*$G107 -> 0 | DP108: =(SUM(DP107:DV107)/SUM($K107:$EQ107))*$G107 -> 0 | DW108: =(SUM(DW107:EC107)/SUM($K107:$EQ107))*$G107 -> 0 | ED108: =(SUM(ED107:EJ107)/SUM($K107:$EQ107))*$G107 -> 0 | EK108: =(SUM(EK107:EQ107)/SUM($K107:$EQ107))*$G107 -> 0 | ER108: =+(ER107+ES107+ET107+EU107+EV107+EW107+EX107)*G107 -> 0 | EY108: =+(EY107+EZ107+FA107+FB107+FC107+FD107+FE107)*N107 -> 0 | FF108: =+(FF107+FG107+FH107+FI107+FJ107+FK107+FL107)*U107 -> 0 | FM108: =+(FM107+FN107+FO107+FP107+FQ107+FR107+FS107)*AB107 -> 0 | FT108: =+(FT107+FU107+FV107+FW107+FX107+FY107+FZ107)*AI107 -> 0 | GA108: =+(GA107+GB107+GC107+GD107+GE107+GF107+GG107)*AP107 -> 0
J109: E
B111: =+'BALANCE GENERAL'!D62 -> 3.03 | C111: =+'BALANCE GENERAL'!G62 -> Bordillo hecho en sitio de h=40cm a=15 cm, (concreto de 3000 psi, incluye acero) | D111: =+'BALANCE GENERAL'!H62 -> ml | E111: 42 | F111: =+'BALANCE GENERAL'!J62 -> 83083 | G111: =ROUND(E111*F111,0) -> 3489486 | J111: P | DQ111: 1 | DR111: 1 | DS111: 1 | DT111: 1 | DU111: 1 | DV111: 1 | DW111: 1 | ED111: 1 | EE111: 1 | EF111: 1 | EK111: 1 | EL111: 1 | EM111: 1
K112: 0 | P112: 0 | V112: =(SUM(V111:AB111)/SUM($K111:$EC111))*$G111 -> 0 | AC112: =(SUM(AC111:AI111)/SUM($K111:$EC111))*$G111 -> 0 | AJ112: =(SUM(AJ111:AP111)/SUM($K111:$EC111))*$G111 -> 0 | AQ112: =(SUM(AQ111:AW111)/SUM($K111:$EC111))*$G111 -> 0 | AX112: =(SUM(AX111:BD111)/SUM($K111:$EC111))*$G111 -> 0 | BE112: =(SUM(BE111:BK111)/SUM($K111:$EC111))*$G111 -> 0 | BL112: =(SUM(BL111:BR111)/SUM($K111:$EC111))*$G111 -> 0 | BS112: =(SUM(BS111:BY111)/SUM($K111:$EC111))*$G111 -> 0 | BZ112: =(SUM(BZ111:CF111)/SUM($K111:$EC111))*$G111 -> 0 | CG112: =(SUM(CG111:CM111)/SUM($K111:$EC111))*$G111 -> 0 | CN112: =(SUM(CN111:CT111)/SUM($K111:$EC111))*$G111 -> 0 | CU112: =(SUM(CU111:DA111)/SUM($K111:$EC111))*$G111 -> 0 | DB112: =(SUM(DB111:DH111)/SUM($K111:$EC111))*$G111 -> 0 | DI112: =(SUM(DI111:DO111)/SUM($K111:$EC111))*$G111 -> 0 | DP112: 1610532 | DW112: 268422 | ED112: 805266 | EK112: 805266 | ER112: =+(ER111+ES111+ET111+EU111+EV111+EW111+EX111)*G111 -> 0 | EY112: =+(EY111+EZ111+FA111+FB111+FC111+FD111+FE111)*N111 -> 0 | FF112: =+(FF111+FG111+FH111+FI111+FJ111+FK111+FL111)*U111 -> 0 | FM112: =+(FM111+FN111+FO111+FP111+FQ111+FR111+FS111)*AB111 -> 0 | FT112: =+(FT111+FU111+FV111+FW111+FX111+FY111+FZ111)*AI111 -> 0 | GA112: =+(GA111+GB111+GC111+GD111+GE111+GF111+GG111)*AP111 -> 0
J113: E
B115: =+'BALANCE GENERAL'!D63 -> 3.04 | C115: =+'BALANCE GENERAL'!G63 -> Bordillo prefabricado concreto de 3000 PSI h=45cm, a=15 cm | D115: =+'BALANCE GENERAL'!H63 -> ml | E115: 422.6 | F115: =+'BALANCE GENERAL'!J63 -> 78592 | G115: =ROUND(E115*F115,0) -> 33212979 | J115: P | BI115: 1 | CM115: 1
K116: 0 | P116: 0 | V116: =(SUM(V115:AB115)/SUM($K115:$EC115))*$G115 -> 0 | AC116: =(SUM(AC115:AI115)/SUM($K115:$EC115))*$G115 -> 0 | AJ116: =(SUM(AJ115:AP115)/SUM($K115:$EC115))*$G115 -> 0 | AQ116: =(SUM(AQ115:AW115)/SUM($K115:$EC115))*$G115 -> 0 | AX116: =(SUM(AX115:BD115)/SUM($K115:$EC115))*$G115 -> 0 | BE116: =19962368-3355878.4 -> 16606490 | BL116: =(SUM(BL115:BR115)/SUM($K115:$EC115))*$G115 -> 0 | BS116: =(SUM(BS115:BY115)/SUM($K115:$EC115))*$G115 -> 0 | BZ116: =(SUM(BZ115:CF115)/SUM($K115:$EC115))*$G115 -> 0 | CG116: =19962368-3355878.4 -> 16606490 | CN116: =(SUM(CN115:CT115)/SUM($K115:$EQ115))*$G115 -> 0 | CU116: =(SUM(CU115:DA115)/SUM($K115:$EQ115))*$G115 -> 0 | DB116: =(SUM(DB115:DH115)/SUM($K115:$EQ115))*$G115 -> 0 | DI116: =(SUM(DI115:DO115)/SUM($K115:$EQ115))*$G115 -> 0 | DP116: =(SUM(DP115:DV115)/SUM($K115:$EQ115))*$G115 -> 0 | DW116: =(SUM(DW115:EC115)/SUM($K115:$EQ115))*$G115 -> 0 | ED116: =(SUM(ED115:EJ115)/SUM($K115:$EQ115))*$G115 -> 0 | EK116: =(SUM(EK115:EQ115)/SUM($K115:$EQ115))*$G115 -> 0 | ER116: =+(ER115+ES115+ET115+EU115+EV115+EW115+EX115)*G115 -> 0 | EY116: =+(EY115+EZ115+FA115+FB115+FC115+FD115+FE115)*N115 -> 0 | FF116: =+(FF115+FG115+FH115+FI115+FJ115+FK115+FL115)*U115 -> 0 | FM116: =+(FM115+FN115+FO115+FP115+FQ115+FR115+FS115)*AB115 -> 0 | FT116: =+(FT115+FU115+FV115+FW115+FX115+FY115+FZ115)*AI115 -> 0 | GA116: =+(GA115+GB115+GC115+GD115+GE115+GF115+GG115)*AP115 -> 0
J117: E
B119: =+'BALANCE GENERAL'!D67 -> 3.07 | C119: =+'BALANCE GENERAL'!G67 -> Realce de Pozos en concreto de 3000 psi (incluye demolición de concreto y refuerzo) | D119: =+'BALANCE GENERAL'!H67 -> und | E119: 15 | F119: =+'BALANCE GENERAL'!J67 -> 374689 | G119: =ROUND(E119*F119,0) -> 5620335 | J119: P | EE119: 1
K120: 0 | P120: 0 | V120: =(SUM(V119:AB119)/SUM($K119:$EP119))*$G119 -> 0 | AC120: =(SUM(AC119:AI119)/SUM($K119:$EP119))*$G119 -> 0 | AJ120: =(SUM(AJ119:AP119)/SUM($K119:$EP119))*$G119 -> 0 | AQ120: =(SUM(AQ119:AW119)/SUM($K119:$EP119))*$G119 -> 0 | AX120: =(SUM(AX119:BD119)/SUM($K119:$EP119))*$G119 -> 0 | BE120: =(SUM(BE119:BK119)/SUM($K119:$EP119))*$G119 -> 0 | BL120: =(SUM(BL119:BR119)/SUM($K119:$EP119))*$G119 -> 0 | BS120: =(SUM(BS119:BY119)/SUM($K119:$EP119))*$G119 -> 0 | BZ120: =(SUM(BZ119:CF119)/SUM($K119:$EP119))*$G119 -> 0 | CG120: =(SUM(CG119:CM119)/SUM($K119:$EQ119))*$G119 -> 0 | CN120: =(SUM(CN119:CT119)/SUM($K119:$EQ119))*$G119 -> 0 | CU120: =(SUM(CU119:DA119)/SUM($K119:$EQ119))*$G119 -> 0 | DB120: =(SUM(DB119:DH119)/SUM($K119:$EQ119))*$G119 -> 0 | DI120: =(SUM(DI119:DO119)/SUM($K119:$EQ119))*$G119 -> 0 | DP120: =(SUM(DP119:DV119)/SUM($K119:$EQ119))*$G119 -> 0 | DW120: =(SUM(DW119:EC119)/SUM($K119:$EQ119))*$G119 -> 0 | ED120: 3372201 | EK120: =(SUM(EK119:EQ119)/SUM($K119:$EQ119))*$G119 -> 0 | ER120: =+(ER119+ES119+ET119+EU119+EV119+EW119+EX119)*G119 -> 0 | EY120: =+(EY119+EZ119+FA119+FB119+FC119+FD119+FE119)*N119 -> 0 | FF120: =+(FF119+FG119+FH119+FI119+FJ119+FK119+FL119)*U119 -> 0 | FM120: =+(FM119+FN119+FO119+FP119+FQ119+FR119+FS119)*G119 -> 0 | FT120: 2248134 | GA120: =+(GA119+GB119+GC119+GD119+GE119+GF119+GG119)*AP119 -> 0
J121: E
B123: =+'BALANCE GENERAL'!D68 -> 3.08 | C123: =+'BALANCE GENERAL'!G68 -> Geotextil NT3000 | D123: =+'BALANCE GENERAL'!H68 -> m2 | E123: 5722.9401 | F123: =+'BALANCE GENERAL'!J68 -> 23452 | G123: =ROUND(E123*F123,0) -> 134214390 | J123: P | BI123: 1 | CM123: 1
K124: 0 | P124: 0 | V124: =(SUM(V123:AB123)/SUM($K123:$EC123))*$G123 -> 0 | AC124: =(SUM(AC123:AI123)/SUM($K123:$EC123))*$G123 -> 0 | AJ124: =(SUM(AJ123:AP123)/SUM($K123:$EC123))*$G123 -> 0 | AQ124: =(SUM(AQ123:AW123)/SUM($K123:$EC123))*$G123 -> 0 | AX124: =(SUM(AX123:BD123)/SUM($K123:$EC123))*$G123 -> 0 | BE124: 38243294 | BL124: =(SUM(BL123:BR123)/SUM($K123:$EC123))*$G123 -> 0 | BS124: =(SUM(BS123:BY123)/SUM($K123:$EC123))*$G123 -> 0 | BZ124: =(SUM(BZ123:CF123)/SUM($K123:$EC123))*$G123 -> 0 | CG124: 38243294 | CN124: =(SUM(CN123:CT123)/SUM($K123:$EQ123))*$G123 -> 0 | CU124: =(SUM(CU123:DA123)/SUM($K123:$EQ123))*$G123 -> 0 | DB124: =(SUM(DB123:DH123)/SUM($K123:$EQ123))*$G123 -> 0 | DI124: =(SUM(DI123:DO123)/SUM($K123:$EQ123))*$G123 -> 0 | DP124: =(SUM(DP123:DV123)/SUM($K123:$EQ123))*$G123 -> 0 | DW124: =(SUM(DW123:EC123)/SUM($K123:$EQ123))*$G123 -> 0 | ED124: =(SUM(ED123:EJ123)/SUM($K123:$EQ123))*$G123 -> 0 | EK124: =(SUM(EK123:EQ123)/SUM($K123:$EQ123))*$G123 -> 0 | ER124: =+(ER123+ES123+ET123+EU123+EV123+EW123+EX123)*G123 -> 0 | EY124: =+(EY123+EZ123+FA123+FB123+FC123+FD123+FE123)*N123 -> 0 | FF124: =57727801.88+1+4 -> 57727807 | FM124: =+(FM123+FN123+FO123+FP123+FQ123+FR123+FS123)*AB123 -> 0 | FT124: =+(FT123+FU123+FV123+FW123+FX123+FY123+FZ123)*AI123 -> 0 | GA124: =+(GA123+GB123+GC123+GD123+GE123+GF123+GG123)*AP123 -> 0
J125: E
B127: =+'BALANCE GENERAL'!D73 -> 3.13 | C127: =+'BALANCE GENERAL'!G73 -> Pedraplen compacto | D127: =+'BALANCE GENERAL'!H73 -> m3 | E127: 155.12 | F127: =+'BALANCE GENERAL'!J73 -> 140257 | G127: =ROUND(E127*F127,0) -> 21756666 | J127: P | AY127: 1 | AZ127: 1 | BA127: 1 | BB127: 1 | BC127: 1 | BD127: 1 | BE127: 1 | BF127: 1 | BG127: 1 | BH127: 1 | CH127: 1 | CI127: 1 | CJ127: 1 | CK127: 1 | CL127: 1 | CM127: 1
K128: 0 | P128: 0 | V128: =(SUM(V127:AB127)/SUM($K127:$EC127))*$G127 -> 0 | AC128: =(SUM(AC127:AI127)/SUM($K127:$EC127))*$G127 -> 0 | AJ128: =(SUM(AJ127:AP127)/SUM($K127:$EC127))*$G127 -> 0 | AQ128: =(SUM(AQ127:AW127)/SUM($K127:$EC127))*$G127 -> 0 | AX128: 2276371.1 | BE128: 1517580.8 | BL128: =(SUM(BL127:BR127)/SUM($K127:$EC127))*$G127 -> 0 | BS128: =(SUM(BS127:BY127)/SUM($K127:$EC127))*$G127 -> 0 | BZ128: =(SUM(BZ127:CF127)/SUM($K127:$EC127))*$G127 -> 0 | CG128: 2276371.1 | CN128: =(SUM(CN127:CT127)/SUM($K127:$EQ127))*$G127 -> 0 | CU128: =(SUM(CU127:DA127)/SUM($K127:$EQ127))*$G127 -> 0 | DB128: =(SUM(DB127:DH127)/SUM($K127:$EQ127))*$G127 -> 0 | DI128: =(SUM(DI127:DO127)/SUM($K127:$EQ127))*$G127 -> 0 | DP128: =(SUM(DP127:DV127)/SUM($K127:$EQ127))*$G127 -> 0 | DW128: =(SUM(DW127:EC127)/SUM($K127:$EQ127))*$G127 -> 0 | ED128: =(SUM(ED127:EJ127)/SUM($K127:$EQ127))*$G127 -> 0 | EK128: 15686343 | ER128: =+(ER127+ES127+ET127+EU127+EV127+EW127+EX127)*G127 -> 0 | EY128: =+(EY127+EZ127+FA127+FB127+FC127+FD127+FE127)*N127 -> 0 | FF128: =+(FF127+FG127+FH127+FI127+FJ127+FK127+FL127)*U127 -> 0 | FM128: =+(FM127+FN127+FO127+FP127+FQ127+FR127+FS127)*AB127 -> 0 | FT128: =+(FT127+FU127+FV127+FW127+FX127+FY127+FZ127)*AI127 -> 0 | GA128: =+(GA127+GB127+GC127+GD127+GE127+GF127+GG127)*AP127 -> 0
J129: E
...
